Workbook
Name JR_PAGE_ANCHOR_0_1: [1]orcamento!#REF!
Name JR_PAGE_ANCHOR_0_1: [2]orcamento!#REF!

Sheet BM20
C1: BM20 - Boletim de Medição
B4: ESTADO DA PARAÍBA
B5: PREFEITURA MUNICIPAL DE SOUSA - PB
A6: Objetivo | G6: Agente Promotor | K6: Data de Emissão | L6: Nº BM
A7: REFORMA E AMPLIAÇÃO DA SECRETARIA DE EDUCAÇÃO, NO MUNICÍPIO DE SOUSA/PB. | G7: PREFEITURA MUNICIPAL DE SOUSA - PB | K7: 45379 | L7: 20
A9: Localização | G9: Contratada | K9: Início da Obra | L9: Termino da Obra
A10: RUA DEP. JOSÉ DE PAIVA GADELHA. - BAIRRO GATO PRETO - SOUSA/PB | G10: COMPACTO CONSTRUÇÕES EIRELI - EPP | K10: 44748 | L10: 45266
A12: Modalidade | C12: Nº de Contrato e Data de assinatura | G12: Valor do Contrato / PMS | I12: Valor da medição - R$ | K12: Período de medição
A13: TOMADA DE PREÇOS 06/2022 | C13: Nº 0483/2022 - 06/07/2022 | G13: 1188434.6 | I13: =J284 -> 39633.11 | K13: 26/11/2024 a 03/01/2025
A16: Itens | B16: Discriminação dos serviços do orçamento | C16: Unid. | D16: Custo Unitário | F16: Quantidade | I16: Financeiro | L16: Desvio (%)
E17: Custo Unitário | F17: Prevista | G17: Medida no período | H17: Acumulada incluindo o período | I17: Prevista | J17: Medida no período | K17: Acumulada incluindo o período
A19: =[3]REPROGRAMAÇÃO!A10 -> 1 | B19: =[3]REPROGRAMAÇÃO!B10 -> DEMOLIÇÕES / RETIRADAS / SERVIÇOS PRELIMINARES | I19: =SUM(I20:I30) -> 19471.12 | K19: =SUM(K20:K30) -> 17801.64
A20: =[3]REPROGRAMAÇÃO!A11 -> 1.1 | B20: =[3]REPROGRAMAÇÃO!B11 -> Remoção de árvore, porte médio, com utilização de retro-escavadeira | C20: =[3]REPROGRAMAÇÃO!E11 -> un | E20: =[3]REPROGRAMAÇÃO!J11 -> 110.74 | F20: 3 | H20: 3 | I20: =ROUND(E20*F20,2) -> 332.22 | K20: =ROUND(H20*E20,2) -> 332.22 | L20: =K20/I20 -> 1
A21: =[3]REPROGRAMAÇÃO!A12 -> 1.2 | B21: =[3]REPROGRAMAÇÃO!B12 -> REMOÇÃO DE TELHAS, DE FIBROCIMENTO, METÁLICA E CERÂMICA, DE FORMA MANUAL, SEM REAPROVEITAMENTO. AF_12/2017 | C21: =[3]REPROGRAMAÇÃO!E12 -> M2 | E21: =[3]REPROGRAMAÇÃO!J12 -> 2.9 | F21: 88.39 | H21: 88.39 | I21: =ROUND(E21*F21,2) -> 256.33 | K21: =ROUND(H21*E21,2) -> 256.33 | L21: =K21/I21 -> 1
A22: =[3]REPROGRAMAÇÃO!A13 -> 1.3 | B22: =[3]REPROGRAMAÇÃO!B13 -> REMOÇÃO DE TRAMA DE MADEIRA PARA COBERTURA, DE FORMA MANUAL, SEM REAPROVEITAMENTO. AF_12/2017 | C22: =[3]REPROGRAMAÇÃO!E13 -> M2 | E22: =[3]REPROGRAMAÇÃO!J13 -> 6.23 | F22: 88.39 | H22: 88.39 | I22: =ROUND(E22*F22,2) -> 550.67 | K22: =ROUND(H22*E22,2) -> 550.67 | L22: =K22/I22 -> 1
A23: =[3]REPROGRAMAÇÃO!A14 -> 1.4 | B23: =[3]REPROGRAMAÇÃO!B14 -> REMOÇÃO DE TESOURAS DE MADEIRA, COM VÃO MENOR QUE 8M, DE FORMA MANUAL, SEM REAPROVEITAMENTO. AF_12/2017 | C23: =[3]REPROGRAMAÇÃO!E14 -> UN | E23: =[3]REPROGRAMAÇÃO!J14 -> 69.15 | F23: 3 | H23: 3 | I23: =ROUND(E23*F23,2) -> 207.45 | K23: =ROUND(H23*E23,2) -> 207.45 | L23: =K23/I23 -> 1
A24: =[3]REPROGRAMAÇÃO!A15 -> 1.5 | B24: =[3]REPROGRAMAÇÃO!B15 -> DEMOLIÇÃO DE ALVENARIA PARA QUALQUER TIPO DE BLOCO, DE FORMA MECANIZADA, SEM REAPROVEITAMENTO. AF_12/2017 | C24: =[3]REPROGRAMAÇÃO!E15 -> M3 | E24: =[3]REPROGRAMAÇÃO!J15 -> 52.25 | F24: 16.11 | H24: 16.11 | I24: =ROUND(E24*F24,2) -> 841.75 | K24: =ROUND(H24*E24,2) -> 841.75 | L24: =K24/I24 -> 1
A25: =[3]REPROGRAMAÇÃO!A16 -> 1.6 | B25: =[3]REPROGRAMAÇÃO!B16 -> DEMOLIÇÃO DE PILARES E VIGAS EM CONCRETO ARMADO, DE FORMA MECANIZADA COM MARTELETE, SEM REAPROVEITAMENTO. AF_12/2017 | C25: =[3]REPROGRAMAÇÃO!E16 -> M3 | E25: =[3]REPROGRAMAÇÃO!J16 -> 230.25 | F25: 13.59 | H25: 6.50419 | I25: =ROUND(E25*F25,2) -> 3129.1 | K25: =ROUND(H25*E25,2) -> 1497.59 | L25: =K25/I25 -> 0.47860088
A26: =[3]REPROGRAMAÇÃO!A17 -> 1.7 | B26: =[3]REPROGRAMAÇÃO!B17 -> DEMOLIÇÃO DE LAJES, DE FORMA MECANIZADA COM MARTELETE, SEM REAPROVEITAMENTO. AF_12/2017 | C26: =[3]REPROGRAMAÇÃO!E17 -> M3 | E26: =[3]REPROGRAMAÇÃO!J17 -> 97.97 | F26: 6.53 | H26: 9.76 | I26: =ROUND(E26*F26,2) -> 639.74 | K26: =ROUND(H26*E26,2) -> 956.19 | L26: =K26/I26 -> 1.4946541
A27: =[3]REPROGRAMAÇÃO!A18 -> 1.8 | B27: =[3]REPROGRAMAÇÃO!B18 -> Demolição de pavimentação em paralelepípedo ou pré-moldados de concreto c/ reaproveitamento | C27: =[3]REPROGRAMAÇÃO!E18 -> m2 | E27: =[3]REPROGRAMAÇÃO!J18 -> 10.49 | F27: 564.31 | H27: 564.31 | I27: =ROUND(E27*F27,2) -> 5919.61 | K27: =ROUND(H27*E27,2) -> 5919.61 | L27: =K27/I27 -> 1
A28: =[3]REPROGRAMAÇÃO!A19 -> 1.9 | B28: =[3]REPROGRAMAÇÃO!B19 -> DEMOLIÇÃO DE CONCRETO SIMPLES COM MARTELETE | C28: =[3]REPROGRAMAÇÃO!E19 -> M3 | E28: =[3]REPROGRAMAÇÃO!J19 -> 79.61 | F28: 10.99 | H28: 6.538 | I28: =ROUND(E28*F28,2) -> 874.91 | K28: =ROUND(H28*E28,2) -> 520.49 | L28: =K28/I28 -> 0.5949069
A29: =[3]REPROGRAMAÇÃO!A20 -> 1.10 | B29: =[3]REPROGRAMAÇÃO!B20 -> LOCAÇÃO DA OBRA - EXECUÇÃO DE GABARITO | C29: =[3]REPROGRAMAÇÃO!E20 -> M2 | E29: =[3]REPROGRAMAÇÃO!J20 -> 7.56 | F29: 549 | H29: 549 | I29: =ROUND(E29*F29,2) -> 4150.44 | K29: =ROUND(H29*E29,2) -> 4150.44 | L29: =K29/I29 -> 1
A30: =[3]REPROGRAMAÇÃO!A21 -> 1.11 | B30: =[3]REPROGRAMAÇÃO!B21 -> Placa de obra em chapa aço galvanizado, instalada | C30: =[3]REPROGRAMAÇÃO!E21 -> m2 | E30: =[3]REPROGRAMAÇÃO!J21 -> 428.15 | F30: 6 | H30: 6 | I30: =ROUND(E30*F30,2) -> 2568.9 | K30: =ROUND(H30*E30,2) -> 2568.9 | L30: =K30/I30 -> 1
A32: =[3]REPROGRAMAÇÃO!A23 -> 2 | B32: =[3]REPROGRAMAÇÃO!B23 -> INFRAESTRUTURA | I32: =SUM(I33:I42) -> 93551.27 | K32: =SUM(K33:K42) -> 93340.38
A33: =[3]REPROGRAMAÇÃO!A24 -> 2.1 | B33: =[3]REPROGRAMAÇÃO!B24 -> ATERRO MANUAL DE VALAS COM SOLO ARGILO-ARENOSO E COMPACTAÇÃO MECANIZADA. AF_05/2016 | C33: =[3]REPROGRAMAÇÃO!E24 -> M3 | E33: =[3]REPROGRAMAÇÃO!J24 -> 40.65 | F33: =[3]REPROGRAMAÇÃO!I24 -> 116.67 | H33: 116.67 | I33: =ROUND(E33*F33,2) -> 4742.64 | K33: =ROUND(H33*E33,2) -> 4742.64 | L33: =K33/I33 -> 1
A34: =[3]REPROGRAMAÇÃO!A25 -> 2.2 | B34: =[3]REPROGRAMAÇÃO!B25 -> ESCAVAÇÃO MANUAL PARA BLOCO DE COROAMENTO OU SAPATA (INCLUINDO ESCAVAÇÃO PARA COLOCAÇÃO DE FÔRMAS). AF_06/2017 | C34: =[3]REPROGRAMAÇÃO!E25 -> M3 | E34: =[3]REPROGRAMAÇÃO!J25 -> 78.79 | F34: =[3]REPROGRAMAÇÃO!I25 -> 93.14 | H34: 93.14 | I34: =ROUND(E34*F34,2) -> 7338.5 | K34: =ROUND(H34*E34,2) -> 7338.5 | L34: =K34/I34 -> 1
A35: =[3]REPROGRAMAÇÃO!A26 -> 2.3 | B35: =[3]REPROGRAMAÇÃO!B26 -> REATERRO MANUAL DE VALAS COM COMPACTAÇÃO MECANIZADA. AF_04/2016 | C35: =[3]REPROGRAMAÇÃO!E26 -> M3 | E35: =[3]REPROGRAMAÇÃO!J26 -> 25.67 | F35: =[3]REPROGRAMAÇÃO!I26 -> 22.25 | H35: 21.47 | I35: =ROUND(E35*F35,2) -> 571.16 | K35: =ROUND(H35*E35,2) -> 551.13 | L35: =K35/I35 -> 0.96493102
A36: =[3]REPROGRAMAÇÃO!A27 -> 2.4 | B36: =[3]REPROGRAMAÇÃO!B27 -> LASTRO DE CONCRETO MAGRO, APLICADO EM PISOS, LAJES SOBRE SOLO OU RADIERS, ESPESSURA DE 5 CM. AF_07/2016 | C36: =[3]REPROGRAMAÇÃO!E27 -> M2 | E36: =[3]REPROGRAMAÇÃO!J27 -> 27.13 | F36: =[3]REPROGRAMAÇÃO!I27 -> 51.07 | H36: 51.57 | I36: =ROUND(E36*F36,2) -> 1385.53 | K36: =ROUND(H36*E36,2) -> 1399.09 | L36: =K36/I36 -> 1.0097869
A37: =[3]REPROGRAMAÇÃO!A28 -> 2.5 | B37: =[3]REPROGRAMAÇÃO!B28 -> ALVENARIA DE EMBASAMENTO EM TIJOLO CERÂMICO FURADO C/ ARGAMASSA CIMENTO E AREIA 1:4 | C37: =[3]REPROGRAMAÇÃO!E28 -> M3 | E37: =[3]REPROGRAMAÇÃO!J28 -> 759.9 | F37: =[3]REPROGRAMAÇÃO!I28 -> 25.46 | H37: 25.46 | I37: =ROUND(E37*F37,2) -> 19347.05 | K37: =ROUND(H37*E37,2) -> 19347.05 | L37: =K37/I37 -> 1
A38: =[3]REPROGRAMAÇÃO!A29 -> 2.6 | B38: =[3]REPROGRAMAÇÃO!B29 -> Forma plana para fundações, em compensado resinado 12mm, 07 usos | C38: =[3]REPROGRAMAÇÃO!E29 -> m2 | E38: =[3]REPROGRAMAÇÃO!J29 -> 82.64 | F38: =[3]REPROGRAMAÇÃO!I29 -> 75.43 | H38: 75.43 | I38: =ROUND(E38*F38,2) -> 6233.54 | K38: =ROUND(H38*E38,2) -> 6233.54 | L38: =K38/I38 -> 1
A39: =[3]REPROGRAMAÇÃO!A30 -> 2.7 | B39: =[3]REPROGRAMAÇÃO!B30 -> ARMAÇÃO DE BLOCO, VIGA BALDRAME OU SAPATA UTILIZANDO AÇO CA-50 DE 10 MM - MONTAGEM. AF_06/2017 | C39: =[3]REPROGRAMAÇÃO!E30 -> KG | E39: =[3]REPROGRAMAÇÃO!J30 -> 20.03 | F39: =[3]REPROGRAMAÇÃO!I30 -> 1675.91 | H39: 1675.91 | I39: =ROUND(E39*F39,2) -> 33568.48 | K39: =ROUND(H39*E39,2) -> 33568.48 | L39: =K39/I39 -> 1
A40: =[3]REPROGRAMAÇÃO!A31 -> 2.8 | B40: =[3]REPROGRAMAÇÃO!B31 -> CONCRETO FCK = 25MPA, TRAÇO 1:2,3:2,7 (EM MASSA SECA DE CIMENTO/ AREIA MÉDIA/ BRITA 1) - PREPARO MECÂNICO COM BETONEIRA 400 L. AF_05/2021 | C40: =[3]REPROGRAMAÇÃO!E31 -> M3 | E40: =[3]REPROGRAMAÇÃO!J31 -> 444.59 | F40: =[3]REPROGRAMAÇÃO!I31 -> 27.25 | H40: 27.25 | I40: =ROUND(E40*F40,2) -> 12115.08 | K40: =ROUND(H40*E40,2) -> 12115.08 | L40: =K40/I40 -> 1
A41: =[3]REPROGRAMAÇÃO!A32 -> 2.9 | B41: =[3]REPROGRAMAÇÃO!B32 -> LANÇAMENTO COM USO DE BALDES, ADENSAMENTO E ACABAMENTO DE CONCRETO EM ESTRUTURAS. AF_12/2015 | C41: =[3]REPROGRAMAÇÃO!E32 -> M3 | E41: =[3]REPROGRAMAÇÃO!J32 -> 177.76 | F41: =[3]REPROGRAMAÇÃO!I32 -> 27.25 | H41: 26.1 | I41: =ROUND(E41*F41,2) -> 4843.96 | K41: =ROUND(H41*E41,2) -> 4639.54 | L41: =K41/I41 -> 0.95779899
A42: =[3]REPROGRAMAÇÃO!A33 -> 2.10 | B42: =[3]REPROGRAMAÇÃO!B33 -> Impermeabilização de alicerce e viga baldrame com 2 demãos de tinta asfáltica tipo Neutrol da Vedacit ou similar, exceto argamassa impermeabilização | C42: =[3]REPROGRAMAÇÃO!E33 -> m2 | E42: =[3]REPROGRAMAÇÃO!J33 -> 26.99 | F42: =[3]REPROGRAMAÇÃO!I33 -> 126.17 | H42: 126.17 | I42: =ROUND(E42*F42,2) -> 3405.33 | K42: =ROUND(H42*E42,2) -> 3405.33 | L42: =K42/I42 -> 1
A44: =[3]REPROGRAMAÇÃO!A35 -> 3 | B44: =[3]REPROGRAMAÇÃO!B35 -> SUPERESTRUTURA | I44: =SUM(I45+I53+I55) -> 228332.07 | K44: =SUM(K45+K53+K55) -> 227411.46
A45: =[3]REPROGRAMAÇÃO!A36 -> 3.1 | B45: =[3]REPROGRAMAÇÃO!B36 -> CONCRETO ARMADO (PILARES / VIGAS) | I45: =SUM(I46:I52) -> 206031.61 | K45: =SUM(K46:K52) -> 206031.61
A46: =[3]REPROGRAMAÇÃO!A37 -> 3.1.1 | B46: =[3]REPROGRAMAÇÃO!B37 -> ARMAÇÃO DE PILAR OU VIGA DE UMA ESTRUTURA CONVENCIONAL DE CONCRETO ARMADO EM UMA EDIFICAÇÃO TÉRREA OU SOBRADO UTILIZANDO AÇO CA-60 DE 5,0 MM - MONTAGEM. AF_12/2015 | C46: =[3]REPROGRAMAÇÃO!E37 -> KG | E46: =[3]REPROGRAMAÇÃO!J37 -> 23.39 | F46: =[3]REPROGRAMAÇÃO!I37 -> 1624.6407 | H46: 1624.6407 | I46: =ROUND(E46*F46,2) -> 38000.35 | K46: =ROUND(H46*E46,2) -> 38000.35 | L46: =K46/I46 -> 1
A47: =[3]REPROGRAMAÇÃO!A38 -> 3.1.2 | B47: =[3]REPROGRAMAÇÃO!B38 -> ARMAÇÃO DE PILAR OU VIGA DE UMA ESTRUTURA CONVENCIONAL DE CONCRETO ARMADO EM UMA EDIFICAÇÃO TÉRREA OU SOBRADO UTILIZANDO AÇO CA-50 DE 6,3 MM - MONTAGEM. AF_12/2015 | C47: =[3]REPROGRAMAÇÃO!E38 -> KG | E47: =[3]REPROGRAMAÇÃO!J38 -> 22.94 | F47: =[3]REPROGRAMAÇÃO!I38 -> 323.702 | H47: 323.702 | I47: =ROUND(E47*F47,2) -> 7425.72 | K47: =ROUND(H47*E47,2) -> 7425.72 | L47: =K47/I47 -> 1
A48: =[3]REPROGRAMAÇÃO!A39 -> 3.1.3 | B48: =[3]REPROGRAMAÇÃO!B39 -> ARMAÇÃO DE PILAR OU VIGA DE UMA ESTRUTURA CONVENCIONAL DE CONCRETO ARMADO EM UMA EDIFICAÇÃO TÉRREA OU SOBRADO UTILIZANDO AÇO CA-50 DE 10,0 MM - MONTAGEM. AF_12/2015 | C48: =[3]REPROGRAMAÇÃO!E39 -> KG | E48: =[3]REPROGRAMAÇÃO!J39 -> 19.98 | F48: =[3]REPROGRAMAÇÃO!I39 -> 3227.162 | H48: 3227.162 | I48: =ROUND(E48*F48,2) -> 64478.7 | K48: =ROUND(H48*E48,2) -> 64478.7 | L48: =K48/I48 -> 1
A49: =[3]REPROGRAMAÇÃO!A40 -> 3.1.4 | B49: =[3]REPROGRAMAÇÃO!B40 -> ARMAÇÃO DE PILAR OU VIGA DE UMA ESTRUTURA CONVENCIONAL DE CONCRETO ARMADO EM UMA EDIFICAÇÃO TÉRREA OU SOBRADO UTILIZANDO AÇO CA-50 DE 12,5 MM - MONTAGEM. AF_12/2015 | C49: =[3]REPROGRAMAÇÃO!E40 -> KG | E49: =[3]REPROGRAMAÇÃO!J40 -> 16.99 | F49: =[3]REPROGRAMAÇÃO!I40 -> 749.97 | H49: 749.97 | I49: =ROUND(E49*F49,2) -> 12741.99 | K49: =ROUND(H49*E49,2) -> 12741.99 | L49: =K49/I49 -> 1
A50: =[3]REPROGRAMAÇÃO!A41 -> 3.1.5 | B50: =[3]REPROGRAMAÇÃO!B41 -> Forma plana para estruturas, em compensado plastificado de 12mm, 12 usos, inclusive escoramento - Revisada 07.2015 | C50: =[3]REPROGRAMAÇÃO!E41 -> m2 | E50: =[3]REPROGRAMAÇÃO!J41 -> 48.69 | F50: =[3]REPROGRAMAÇÃO!I41 -> 863.21 | H50: 863.21 | I50: =ROUND(E50*F50,2) -> 42029.69 | K50: =ROUND(H50*E50,2) -> 42029.69 | L50: =K50/I50 -> 1
A51: =[3]REPROGRAMAÇÃO!A42 -> 3.1.6 | B51: =[3]REPROGRAMAÇÃO!B42 -> CONCRETO FCK = 25MPA, TRAÇO 1:2,3:2,7 (EM MASSA SECA DE CIMENTO/ AREIA MÉDIA/ BRITA 1) - PREPARO MECÂNICO COM BETONEIRA 400 L. AF_05/2021 | C51: =[3]REPROGRAMAÇÃO!E42 -> M3 | E51: =[3]REPROGRAMAÇÃO!J42 -> 444.59 | F51: =[3]REPROGRAMAÇÃO!I42 -> 66.45 | H51: 66.45 | I51: =ROUND(E51*F51,2) -> 29543.01 | K51: =ROUND(H51*E51,2) -> 29543.01 | L51: =K51/I51 -> 1
A52: =[3]REPROGRAMAÇÃO!A43 -> 3.1.7 | B52: =[3]REPROGRAMAÇÃO!B43 -> LANÇAMENTO COM USO DE BALDES, ADENSAMENTO E ACABAMENTO DE CONCRETO EM ESTRUTURAS. AF_12/2015 | C52: =[3]REPROGRAMAÇÃO!E43 -> M3 | E52: =[3]REPROGRAMAÇÃO!J43 -> 177.76 | F52: =[3]REPROGRAMAÇÃO!I43 -> 66.45 | H52: 66.45 | I52: =ROUND(E52*F52,2) -> 11812.15 | K52: =ROUND(H52*E52,2) -> 11812.15 | L52: =K52/I52 -> 1
A53: =[3]REPROGRAMAÇÃO!A44 -> 3.2 | B53: =[3]REPROGRAMAÇÃO!B44 -> LAJE | I53: =I54 -> 21379.85 | K53: =K54 -> 21379.85 | L53: =K53/I53 -> 1
A54: =[3]REPROGRAMAÇÃO!A45 -> 3.2.1 | B54: =[3]REPROGRAMAÇÃO!B45 -> LAJE PRÉ-MOLDADA UNIDIRECIONAL, BIAPOIADA, PARA PISO, ENCHIMENTO EM CERÂMICA, VIGOTA CONVENCIONAL, ALTURA TOTAL DA LAJE (ENCHIMENTO+CAPA) = (8+4). AF_11/2020 | C54: =[3]REPROGRAMAÇÃO!E45 -> m² | E54: =[3]REPROGRAMAÇÃO!J45 -> 190.06 | F54: =[3]REPROGRAMAÇÃO!I45 -> 112.49 | H54: 112.49 | I54: =ROUND(E54*F54,2) -> 21379.85 | K54: =ROUND(H54*E54,2) -> 21379.85 | L54: =K54/I54 -> 1
A55: =[3]REPROGRAMAÇÃO!A46 -> 3.3 | B55: =[3]REPROGRAMAÇÃO!B46 -> VERGAS E CONTRA VERGAS | I55: =SUM(I56:I61) -> 920.61 | K55: =SUM(K56:K61) -> 0 | L55: =K55/I55 -> 0
A56: =[3]REPROGRAMAÇÃO!A47 -> 3.3.1 | B56: =[3]REPROGRAMAÇÃO!B47 -> VERGA PRÉ-MOLDADA PARA PORTAS COM ATÉ 1,5 M DE VÃO. AF_03/2016 | C56: =[3]REPROGRAMAÇÃO!E47 -> M | E56: =[3]REPROGRAMAÇÃO!J47 -> 37.35 | F56: =[3]REPROGRAMAÇÃO!I47 -> 10 | H56: 0 | I56: =ROUND(E56*F56,2) -> 373.5 | K56: =ROUND(H56*E56,2) -> 0 | L56: =K56/I56 -> 0
A57: =[3]REPROGRAMAÇÃO!A48 -> 3.3.2 | B57: =[3]REPROGRAMAÇÃO!B48 -> VERGA PRÉ-MOLDADA PARA PORTAS COM MAIS DE 1,5 M DE VÃO. AF_03/2016 | C57: =[3]REPROGRAMAÇÃO!E48 -> M | E57: =[3]REPROGRAMAÇÃO!J48 -> 65.99 | F57: =[3]REPROGRAMAÇÃO!I48 -> 2 | H57: 0 | I57: =ROUND(E57*F57,2) -> 131.98 | K57: =ROUND(H57*E57,2) -> 0 | L57: =K57/I57 -> 0
A58: =[3]REPROGRAMAÇÃO!A49 -> 3.3.3 | B58: =[3]REPROGRAMAÇÃO!B49 -> VERGA PRÉ-MOLDADA PARA JANELAS COM ATÉ 1,5 M DE VÃO. AF_03/2016 | C58: =[3]REPROGRAMAÇÃO!E49 -> M | E58: =[3]REPROGRAMAÇÃO!J49 -> 51.26 | F58: =[3]REPROGRAMAÇÃO!I49 -> 0.95 | H58: 0 | I58: =ROUND(E58*F58,2) -> 48.7 | K58: =ROUND(H58*E58,2) -> 0 | L58: =K58/I58 -> 0
A59: =[3]REPROGRAMAÇÃO!A50 -> 3.3.4 | B59: =[3]REPROGRAMAÇÃO!B50 -> VERGA PRÉ-MOLDADA PARA JANELAS COM MAIS DE 1,5 M DE VÃO. AF_03/2016 | C59: =[3]REPROGRAMAÇÃO!E50 -> M | E59: =[3]REPROGRAMAÇÃO!J50 -> 66.86 | F59: =[3]REPROGRAMAÇÃO!I50 -> 2.5 | H59: 0 | I59: =ROUND(E59*F59,2) -> 167.15 | K59: =ROUND(H59*E59,2) -> 0 | L59: =K59/I59 -> 0
A60: =[3]REPROGRAMAÇÃO!A51 -> 3.3.5 | B60: =[3]REPROGRAMAÇÃO!B51 -> CONTRAVERGA PRÉ-MOLDADA PARA VÃOS DE ATÉ 1,5 M DE COMPRIMENTO. AF_03/2016 | C60: =[3]REPROGRAMAÇÃO!E51 -> M | E60: =[3]REPROGRAMAÇÃO!J51 -> 50.24 | F60: =[3]REPROGRAMAÇÃO!I51 -> 0.95 | H60: 0 | I60: =ROUND(E60*F60,2) -> 47.73 | K60: =ROUND(H60*E60,2) -> 0 | L60: =K60/I60 -> 0
A61: =[3]REPROGRAMAÇÃO!A52 -> 3.3.6 | B61: =[3]REPROGRAMAÇÃO!B52 -> CONTRAVERGA PRÉ-MOLDADA PARA VÃOS DE MAIS DE 1,5 M DE COMPRIMENTO. AF_03/2016 | C61: =[3]REPROGRAMAÇÃO!E52 -> M | E61: =[3]REPROGRAMAÇÃO!J52 -> 60.62 | F61: =[3]REPROGRAMAÇÃO!I52 -> 2.5 | H61: 0 | I61: =ROUND(E61*F61,2) -> 151.55 | K61: =ROUND(H61*E61,2) -> 0 | L61: =K61/I61 -> 0
A63: =[3]REPROGRAMAÇÃO!A54 -> 4 | B63: =[3]REPROGRAMAÇÃO!B54 -> PAREDES E FECHAMENTOS | I63: =SUM(I64:I65) -> 35376.71 | K63: =SUM(K64:K65) -> 35376.71
A64: =[3]REPROGRAMAÇÃO!A55 -> 4.1 | B64: =[3]REPROGRAMAÇÃO!B55 -> ALVENARIA DE VEDAÇÃO DE BLOCOS CERÂMICOS FURADOS NA HORIZONTAL DE 9X19X19CM (ESPESSURA 9CM) DE PAREDES COM ÁREA LÍQUIDA MAIOR OU IGUAL A 6M² SEM VÃOS E ARGAMASSA DE ASSENTAMENTO COM PREPARO EM BETONEIRA. AF_06/2014 | C64: =[3]REPROGRAMAÇÃO!E55 -> M2 | E64: =[3]REPROGRAMAÇÃO!J55 -> 70.34 | F64: =[3]REPROGRAMAÇÃO!I55 -> 435.57 | H64: =413.98+21.59 -> 435.57 | I64: =ROUND(E64*F64,2) -> 30637.99 | K64: =ROUND(H64*E64,2) -> 30637.99 | L64: =K64/I64 -> 1
A65: =[3]REPROGRAMAÇÃO!A56 -> 4.2 | B65: =[3]REPROGRAMAÇÃO!B56 -> ALVENARIA DE VEDAÇÃO DE BLOCOS CERÂMICOS FURADOS 9x19x19 CM (ESPESSURA 19CM) E ARGAMASSA DE ASSENTAMENTO COM PREPARO EM BETONEIRA | C65: =[3]REPROGRAMAÇÃO!E56 -> M2 | E65: =[3]REPROGRAMAÇÃO!J56 -> 89.97 | F65: =[3]REPROGRAMAÇÃO!I56 -> 52.67 | H65: 52.67 | I65: =ROUND(E65*F65,2) -> 4738.72 | K65: =ROUND(H65*E65,2) -> 4738.72 | L65: =K65/I65 -> 1
A67: =[3]REPROGRAMAÇÃO!A58 -> 5 | B67: =[3]REPROGRAMAÇÃO!B58 -> COBERTURA | I67: =SUM(I68:I84) -> 191932.89 | J67: =SUM(J68:J84) -> 3944.26 | K67: =SUM(K68:K84) -> 176710.05
A68: =[3]REPROGRAMAÇÃO!A59 -> 5.1 | B68: =[3]REPROGRAMAÇÃO!B59 -> ESTRUTURA METÁLICA P/ COBERTURA C/ VIGAS - TRELIÇADAS E TERÇAS | C68: =[3]REPROGRAMAÇÃO!E59 -> M2 | E68: =[3]REPROGRAMAÇÃO!J59 -> 143.84 | F68: =[3]REPROGRAMAÇÃO!I59 -> 0 | H68: 0
A69: =[3]REPROGRAMAÇÃO!A60 -> 5.2 | B69: =[3]REPROGRAMAÇÃO!B60 -> TELHA TERMOACÚSTICA TRAPEZOIDAL INCLINAÇÃO 17.6% | C69: =[3]REPROGRAMAÇÃO!E60 -> M2 | E69: =[3]REPROGRAMAÇÃO!J60 -> 161.29 | F69: =[3]REPROGRAMAÇÃO!I60 -> 187.92 | H69: 167.97 | I69: =ROUND(E69*F69,2) -> 30309.62 | K69: =ROUND(H69*E69,2) -> 27091.88 | L69: =K69/I69 -> 0.89383767
A70: =[3]REPROGRAMAÇÃO!A61 -> 5.3 | B70: =[3]REPROGRAMAÇÃO!B61 -> TELHAMENTO COM TELHA DE AÇO/ALUMÍNIO E = 0,5 MM, COM ATÉ 2 ÁGUAS, INCL M2 USO IÇAMENTO. AF_07/2019 | C70: =[3]REPROGRAMAÇÃO!E61 -> M2 | E70: =[3]REPROGRAMAÇÃO!J61 -> 75.85 | F70: =[3]REPROGRAMAÇÃO!I61 -> 308.34 | H70: 308.34 | I70: =ROUND(E70*F70,2) -> 23387.59 | K70: =ROUND(H70*E70,2) -> 23387.59 | L70: =K70/I70 -> 1
A71: =[3]REPROGRAMAÇÃO!A62 -> 5.4 | B71: =[3]REPROGRAMAÇÃO!B62 -> TELHAMENTO COM TELHA CERÂMICA CAPA-CANAL, TIPO COLONIAL, COM ATÉ 2 ÁGUAS, INCLUSO TRANSPORTE VERTICAL. AF_07/2019 | C71: =[3]REPROGRAMAÇÃO!E62 -> M2 | E71: =[3]REPROGRAMAÇÃO!J62 -> 36.22 | F71: =[3]REPROGRAMAÇÃO!I62 -> 28.5 | H71: 28.5 | I71: =ROUND(E71*F71,2) -> 1032.27 | K71: =ROUND(H71*E71,2) -> 1032.27 | L71: =K71/I71 -> 1
A72: =[3]REPROGRAMAÇÃO!A63 -> 5.5 | B72: =[3]REPROGRAMAÇÃO!B63 -> Cumeeira em alumínio - 30cm de cada lado, e= 0,8mm | C72: =[3]REPROGRAMAÇÃO!E63 -> m | E72: =[3]REPROGRAMAÇÃO!J63 -> 110 | F72: =[3]REPROGRAMAÇÃO!I63 -> 27 | H72: 27 | I72: =ROUND(E72*F72,2) -> 2970 | K72: =ROUND(H72*E72,2) -> 2970 | L72: =K72/I72 -> 1
A73: =[3]REPROGRAMAÇÃO!A64 -> 5.6 | B73: =[3]REPROGRAMAÇÃO!B64 -> CUMEEIRA TERMOACÚSTICA | C73: =[3]REPROGRAMAÇÃO!E64 -> M | E73: =[3]REPROGRAMAÇÃO!J64 -> 76.19 | F73: =[3]REPROGRAMAÇÃO!I64 -> 24 | H73: 24 | I73: =ROUND(E73*F73,2) -> 1828.56 | K73: =ROUND(H73*E73,2) -> 1828.56 | L73: =K73/I73 -> 1
A74: =[3]REPROGRAMAÇÃO!A65 -> 5.7 | B74: =[3]REPROGRAMAÇÃO!B65 -> Rufo de concreto armado fck=20mpa l=30cm e h=5cm | C74: =[3]REPROGRAMAÇÃO!E65 -> m | E74: =[3]REPROGRAMAÇÃO!J65 -> 44.65 | F74: =[3]REPROGRAMAÇÃO!I65 -> 42.03 | H74: 0 | I74: =ROUND(E74*F74,2) -> 1876.64 | K74: =ROUND(H74*E74,2) -> 0 | L74: =K74/I74 -> 0
A75: =[3]REPROGRAMAÇÃO!A66 -> 5.8 | B75: =[3]REPROGRAMAÇÃO!B66 -> RUFO EXTERNO/INTERNO EM CHAPA DE AÇO GALVANIZADO NÚMERO 26, CORTE DE 33 CM, INCLUSO IÇAMENTO. AF_07/2019 | C75: =[3]REPROGRAMAÇÃO!E66 -> M | E75: =[3]REPROGRAMAÇÃO!J66 -> 69.76 | F75: =[3]REPROGRAMAÇÃO!I66 -> 52.8 | H75: 52.8 | I75: =ROUND(E75*F75,2) -> 3683.33 | K75: =ROUND(H75*E75,2) -> 3683.33 | L75: =K75/I75 -> 1
A76: =[3]REPROGRAMAÇÃO!A67 -> 5.9 | B76: =[3]REPROGRAMAÇÃO!B67 -> CALHA EM CHAPA DE AÇO GALVANIZADO NÚMERO 24, DESENVOLVIMENTO DE 100 CM, INCLUSO TRANSPORTE VERTICAL. AF_07/2019 | C76: =[3]REPROGRAMAÇÃO!E67 -> M | E76: =[3]REPROGRAMAÇÃO!J67 -> 201.91 | F76: =[3]REPROGRAMAÇÃO!I67 -> 0 | H76: 0 | I76: =ROUND(E76*F76,2) -> 0 | K76: =ROUND(H76*E76,2) -> 0 | L76: =K76/I76 -> #DIV/0!
A77: =[3]REPROGRAMAÇÃO!A68 -> 5.10 | B77: =[3]REPROGRAMAÇÃO!B68 -> FORRO EM DRYWALL, PARA AMBIENTES COMERCIAIS, INCLUSIVE ESTRUTURA DE FIXAÇÃO. AF_05/2017_P | C77: =[3]REPROGRAMAÇÃO!E68 -> M2 | E77: =[3]REPROGRAMAÇÃO!J68 -> 88.25 | F77: =[3]REPROGRAMAÇÃO!I68 -> 184.7175 | H77: 151.44 | I77: =ROUND(E77*F77,2) -> 16301.32 | J77: =G77*E77 -> 0 | K77: =ROUND(H77*E77,2) -> 13364.58 | L77: =K77/I77 -> 0.81984649
A78: =[3]REPROGRAMAÇÃO!A69 -> 5.11 | B78: =[3]REPROGRAMAÇÃO!B69 -> IMPERMEABILIZAÇÃO DE SUPERFÍCIE COM MANTA ASFÁLTICA, DUAS CAMADAS, INCLUSIVE APLICAÇÃO DE PRIMER ASFÁLTICO, E=3MM E E=4MM. AF_06/2018 | C78: =[3]REPROGRAMAÇÃO!E69 -> M2 | E78: =[3]REPROGRAMAÇÃO!J69 -> 172.1 | F78: =[3]REPROGRAMAÇÃO!I69 -> 0 | H78: 0 | I78: =ROUND(E78*F78,2) -> 0 | K78: =ROUND(H78*E78,2) -> 0 | L78: =K78/I78 -> #DIV/0!
A79: =[3]REPROGRAMAÇÃO!A70 -> 5.12 | B79: =[3]REPROGRAMAÇÃO!B70 -> TRAMA DE MADEIRA COMPOSTA POR RIPAS, CAIBROS E TERÇAS PARA TELHADOS DE ATÉ 2 ÁGUAS PARA TELHA CERÂMICA CAPA-CANAL, INCLUSO TRANSPORTE VERTICAL. AF_07/2019 | C79: =[3]REPROGRAMAÇÃO!E70 -> M2 | E79: =[3]REPROGRAMAÇÃO!J70 -> 77.97 | F79: =[3]REPROGRAMAÇÃO!I70 -> 33.25 | H79: 0 | I79: =ROUND(E79*F79,2) -> 2592.5 | K79: =ROUND(H79*E79,2) -> 0 | L79: =K79/I79 -> 0
A80: =[3]REPROGRAMAÇÃO!A71 -> 5.13 | B80: =[3]REPROGRAMAÇÃO!B71 -> Estrutura Metálica p/ Cobertura c/Vigas-Treliça e terças na garagem | C80: =[3]REPROGRAMAÇÃO!E71 -> M2 | E80: =[3]REPROGRAMAÇÃO!J71 -> 119.18 | F80: =[3]REPROGRAMAÇÃO!I71 -> 515.56 | H80: 515.56 | I80: =ROUND(E80*F80,2) -> 61444.44 | K80: =ROUND(H80*E80,2) -> 61444.44 | L80: =K80/I80 -> 1
A81: =[3]REPROGRAMAÇÃO!A72 -> 5.14 | B81: =[3]REPROGRAMAÇÃO!B72 -> PINTURA ANTICORROSIVA DE DUTO METÁLICO. AF_04/2018 | C81: =[3]REPROGRAMAÇÃO!E72 -> M2 | E81: =[3]REPROGRAMAÇÃO!J72 -> 10.43 | F81: =[3]REPROGRAMAÇÃO!I72 -> 150.46 | G81: ='[3]Memorial 20'!L11 -> 129.405 | H81: =G81 -> 129.405 | I81: =ROUND(E81*F81,2) -> 1569.3 | J81: =ROUND(E81*G81,2) -> 1349.69 | K81: =ROUND(H81*E81,2) -> 1349.69 | L81: =K81/I81 -> 0.86005862
A82: =[3]REPROGRAMAÇÃO!A73 -> 5.15 | B82: =[3]REPROGRAMAÇÃO!B73 -> PINTURA COM TINTA ALQUÍDICA DE ACABAMENTO (ESMALTE SINTÉTICO ACETINADO) APLICADA A ROLO OU PINCEL SOBRE SUPERFÍCIES METÁLICAS (EXCETO PERFIL) EXECUTADO EM OBRA (POR DEMÃO). AF_01/2020 | C82: =[3]REPROGRAMAÇÃO!E73 -> M2 | E82: =[3]REPROGRAMAÇÃO!J73 -> 20.05 | F82: =[3]REPROGRAMAÇÃO!I73 -> 150.46 | G82: ='[3]Memorial 20'!L21 -> 129.405 | H82: =G82 -> 129.405 | I82: =ROUND(E82*F82,2) -> 3016.72 | J82: =ROUND(E82*G82,2) -> 2594.57 | K82: =ROUND(H82*E82,2) -> 2594.57 | L82: =K82/I82 -> 0.86006325
A83: =[3]REPROGRAMAÇÃO!A74 -> 5.16 | B83: =[3]REPROGRAMAÇÃO!B74 -> Calha em chapa de aço galvanizado nº 26, desenvolvimento 86 cm (fundo=32 cm, laterais=15 cm, bordas=12cm) | C83: =[3]REPROGRAMAÇÃO!E74 -> M | E83: =[3]REPROGRAMAÇÃO!J74 -> 196.44 | F83: =[3]REPROGRAMAÇÃO!I74 -> 171.5 | H83: 156.5 | I83: =ROUND(E83*F83,2) -> 33689.46 | K83: =ROUND(H83*E83,2) -> 30742.86 | L83: =K83/I83 -> 0.91253644
A84: =[3]REPROGRAMAÇÃO!A75 -> 5.17 | B84: =[3]REPROGRAMAÇÃO!B75 -> FORRO EM PLACAS DE GESSO, PARA AMBIENTES COMERCIAIS. AF_05/2017_P | C84: =[3]REPROGRAMAÇÃO!E75 -> M2 | E84: =[3]REPROGRAMAÇÃO!J75 -> 37.86 | F84: =[3]REPROGRAMAÇÃO!I75 -> 217.41 | H84: =47.2+143.51 -> 190.71 | I84: =ROUND(E84*F84,2) -> 8231.14 | J84: =ROUND(E84*G84,2) -> 0 | K84: =ROUND(H84*E84,2) -> 7220.28 | L84: =K84/I84 -> 0.87719077
A86: =[3]REPROGRAMAÇÃO!A77 -> 6 | B86: =[3]REPROGRAMAÇÃO!B77 -> PAVIMENTAÇÃO | I86: =SUM(I87+I101) -> 171891.02 | J86: =SUM(J87+J101) -> 0 | K86: =SUM(K87+K101) -> 138132.53
A87: =[3]REPROGRAMAÇÃO!A78 -> 6.1 | B87: =[3]REPROGRAMAÇÃO!B78 -> ÁREA EXTERNA | I87: =SUM(I88:I99) -> 95307.16 | J87: =SUM(J88:J99) -> 0 | K87: =SUM(K88:K99) -> 94244.49 | L87: =K87/I87 -> 0.98885005
A88: =[3]REPROGRAMAÇÃO!A79 -> 6.1.1 | B88: =[3]REPROGRAMAÇÃO!B79 -> EXECUÇÃO DE PÁTIO/ESTACIONAMENTO EM PISO INTERTRAVADO, COM BLOCO RETANGULAR COLORIDO DE 20 X 10 CM, ESPESSURA 6 CM. AF_12/2015 | C88: =[3]REPROGRAMAÇÃO!E79 -> M2 | E88: =[3]REPROGRAMAÇÃO!J79 -> 56.47 | F88: =[3]REPROGRAMAÇÃO!I79 -> 62.7054 | H88: 62.71 | I88: =ROUND(E88*F88,2) -> 3540.97 | J88: =ROUND(E88*G88,2) -> 0 | K88: =ROUND(H88*E88,2) -> 3541.23 | L88: =K88/I88 -> 1.0000734
A89: =[3]REPROGRAMAÇÃO!A80 -> 6.1.2 | B89: =[3]REPROGRAMAÇÃO!B80 -> EXECUÇÃO DE PÁTIO/ESTACIONAMENTO EM PISO INTERTRAVADO, COM BLOCO RETANGULAR COR NATURAL DE 20 X 10 CM, ESPESSURA 6 CM. AF_12/2015 | C89: =[3]REPROGRAMAÇÃO!E80 -> M2 | E89: =[3]REPROGRAMAÇÃO!J80 -> 50.55 | F89: =[3]REPROGRAMAÇÃO!I80 -> 63.055 | H89: 63.05 | I89: =ROUND(E89*F89,2) -> 3187.43 | J89: =ROUND(E89*G89,2) -> 0 | K89: =ROUND(H89*E89,2) -> 3187.18 | L89: =K89/I89 -> 0.99992157
A90: =[3]REPROGRAMAÇÃO!A81 -> 6.1.3 | B90: =[3]REPROGRAMAÇÃO!B81 -> EXECUÇÃO DE PAVIMENTO EM PISO INTERTRAVADO, COM BLOCO SEXTAVADO DE 25 X 25 CM, ESPESSURA 8 CM. AF_12/2015 | C90: =[3]REPROGRAMAÇÃO!E81 -> M2 | E90: =[3]REPROGRAMAÇÃO!J81 -> 62.58 | F90: =[3]REPROGRAMAÇÃO!I81 -> 0 | H90: =G90 -> 0 | I90: =ROUND(E90*F90,2) -> 0 | J90: =ROUND(E90*G90,2) -> 0 | K90: =ROUND(H90*E90,2) -> 0 | L90: =K90/I90 -> #DIV/0!
A91: =[3]REPROGRAMAÇÃO!A82 -> 6.1.4 | B91: =[3]REPROGRAMAÇÃO!B82 -> Piso em pedra calcárea, cortada, aparelhada e com face aparente lisa e polida, esp=8cm, assentado com argamassa de cimento e areia (1:3) na esp=5cm, esclusive lastro de regularização em concreto simples | C91: =[3]REPROGRAMAÇÃO!E82 -> m2 | E91: =[3]REPROGRAMAÇÃO!J82 -> 176.99 | F91: =[3]REPROGRAMAÇÃO!I82 -> 107.17 | H91: 104.89 | I91: =ROUND(E91*F91,2) -> 18968.02 | J91: =ROUND(E91*G91,2) -> 0 | K91: =ROUND(H91*E91,2) -> 18564.48 | L91: =K91/I91 -> 0.97872524
A92: =[3]REPROGRAMAÇÃO!A83 -> 6.1.5 | B92: =[3]REPROGRAMAÇÃO!B83 -> PLANTIO DE GRAMA EM PLACAS. AF_05/2018 | C92: =[3]REPROGRAMAÇÃO!E83 -> M2 | E92: =[3]REPROGRAMAÇÃO!J83 -> 15.5 | F92: =[3]REPROGRAMAÇÃO!I83 -> 9.9475983e-13 | H92: =G92 -> 0 | I92: =ROUND(E92*F92,2) -> 0 | J92: =ROUND(E92*G92,2) -> 0 | K92: =ROUND(H92*E92,2) -> 0 | L92: =K92/I92 -> #DIV/0!
A93: =[3]REPROGRAMAÇÃO!A84 -> 6.1.6 | B93: =[3]REPROGRAMAÇÃO!B84 -> Piso tátil direcional e/ou alerta, de concreto, na cor natural, p/deficientes visuais, dimensões 25x25cm, aplicado com argamassa industrializada ac-ii, rejuntado, exclusive regularização de base | C93: =[3]REPROGRAMAÇÃO!E84 -> m2 | E93: =[3]REPROGRAMAÇÃO!J84 -> 102.24 | F93: =[3]REPROGRAMAÇÃO!I84 -> 46.04 | H93: 44.39 | I93: =ROUND(E93*F93,2) -> 4707.13 | J93: =ROUND(E93*G93,2) -> 0 | K93: =ROUND(H93*E93,2) -> 4538.43 | L93: =K93/I93 -> 0.96416075
A94: =[3]REPROGRAMAÇÃO!A85 -> 6.1.7 | B94: =[3]REPROGRAMAÇÃO!B85 -> Rampa padrão para acesso de deficientes a passeio público, em concreto simples Fck=25MPa, desempolada, pintada em novacor, 02 demãos e piso tátil de alerta/direcional. | C94: =[3]REPROGRAMAÇÃO!E85 -> un | E94: =[3]REPROGRAMAÇÃO!J85 -> 463.96 | F94: =[3]REPROGRAMAÇÃO!I85 -> 3 | H94: 3 | I94: =ROUND(E94*F94,2) -> 1391.88 | J94: =ROUND(E94*G94,2) -> 0 | K94: =ROUND(H94*E94,2) -> 1391.88 | L94: =K94/I94 -> 1
A95: =[3]REPROGRAMAÇÃO!A86 -> 6.1.8 | B95: =[3]REPROGRAMAÇÃO!B86 -> ASSENTAMENTO DE GUIA (MEIO-FIO) EM TRECHO RETO, CONFECCIONADA EM CONCRETO PRÉ-FABRICADO, DIMENSÕES 100X15X13X30 CM (COMPRIMENTO X BASE INFERIOR X BASE SUPERIOR X ALTURA), PARA VIAS URBANAS (USO VIÁRIO). AF_06/2016 | C95: =[3]REPROGRAMAÇÃO!E86 -> M | E95: =[3]REPROGRAMAÇÃO!J86 -> 58.48 | F95: =[3]REPROGRAMAÇÃO!I86 -> 199.3 | H95: 199.3 | I95: =ROUND(E95*F95,2) -> 11655.06 | J95: =ROUND(E95*G95,2) -> 0 | K95: =ROUND(H95*E95,2) -> 11655.06 | L95: =K95/I95 -> 1
A96: =[3]REPROGRAMAÇÃO!A87 -> 6.1.9 | B96: =[3]REPROGRAMAÇÃO!B87 -> EXECUÇÃO DE PASSEIO (CALÇADA) OU PISO DE CONCRETO COM CONCRETO MOLDADO IN LOCO, FEITO EM OBRA, ACABAMENTO CONVENCIONAL, NÃO ARMADO. AF_07/2016 | C96: =[3]REPROGRAMAÇÃO!E87 -> M3 | E96: =[3]REPROGRAMAÇÃO!J87 -> 717.24 | F96: =[3]REPROGRAMAÇÃO!I87 -> 9.0304 | H96: 9.03 | I96: =ROUND(E96*F96,2) -> 6476.96 | J96: =ROUND(E96*G96,2) -> 0 | K96: =ROUND(H96*E96,2) -> 6476.68 | L96: =K96/I96 -> 0.99995677
A97: =[3]REPROGRAMAÇÃO!A88 -> 6.1.10 | B97: =[3]REPROGRAMAÇÃO!B88 -> LASTRO DE CONCRETO MAGRO, APLICADO EM PISOS, LAJES SOBRE SOLO OU RADIERS, ESPESSURA DE 5 CM. AF_07/2016 | C97: =[3]REPROGRAMAÇÃO!E88 -> M2 | E97: =[3]REPROGRAMAÇÃO!J88 -> 27.13 | F97: =[3]REPROGRAMAÇÃO!I88 -> 157.1919 | H97: 157.19 | I97: =ROUND(E97*F97,2) -> 4264.62 | J97: =ROUND(E97*G97,2) -> 0 | K97: =ROUND(H97*E97,2) -> 4264.56 | L97: =K97/I97 -> 0.99998593
A98: =[3]REPROGRAMAÇÃO!A89 -> 6.1.11 | B98: =[3]REPROGRAMAÇÃO!B89 -> Fornecimento e instalação de tela aço soldada nervurada CA-60, Q-92, malha 15x15cm, ferro 4.2mm (1.48 kg/m2), painel 2,45x6,0m, Telcon ou similar | C98: =[3]REPROGRAMAÇÃO!E89 -> m2 | E98: =[3]REPROGRAMAÇÃO!J89 -> 44.04 | F98: =[3]REPROGRAMAÇÃO!I89 -> 96.8 | H98: 85.67 | I98: =ROUND(E98*F98,2) -> 4263.07 | J98: =ROUND(E98*G98,2) -> 0 | K98: =ROUND(H98*E98,2) -> 3772.91 | L98: =K98/I98 -> 0.88502183
A99: =[3]REPROGRAMAÇÃO!A90 -> 6.1.12 | B99: =[3]REPROGRAMAÇÃO!B90 -> EXECUÇÃO DE PÁTIO/ESTACIONAMENTO EM PISO INTERTRAVADO, COM BLOCO RETANGULAR COR NATURAL DE 20 X 10 CM, ESPESSURA 8 CM. AF_12/2015 | C99: =[3]REPROGRAMAÇÃO!E90 -> m2 | E99: =[3]REPROGRAMAÇÃO!J90 -> 64.33 | F99: =[3]REPROGRAMAÇÃO!I90 -> 572.859 | H99: 572.86 | I99: =ROUND(E99*F99,2) -> 36852.02 | J99: =ROUND(E99*G99,2) -> 0 | K99: =ROUND(H99*E99,2) -> 36852.08 | L99: =K99/I99 -> 1.0000016
A101: =[3]REPROGRAMAÇÃO!A92 -> 6.2 | B101: =[3]REPROGRAMAÇÃO!B92 -> ÁREA INTERNA | I101: =SUM(I102:I110) -> 76583.86 | J101: =SUM(J102:J110) -> 0 | K101: =SUM(K102:K110) -> 43888.04 | L101: =K101/I101 -> 0.57307166
A102: =[3]REPROGRAMAÇÃO!A93 -> 6.2.1 | B102: =[3]REPROGRAMAÇÃO!B93 -> CAMADA SEPARADORA PARA EXECUÇÃO DE RADIER, PISO DE CONCRETO OU LAJE SOBRE SOLO, EM LONA PLÁSTICA. AF_09/2021 | C102: =[3]REPROGRAMAÇÃO!E93 -> M2 | E102: =[3]REPROGRAMAÇÃO!J93 -> 2.83 | F102: =[3]REPROGRAMAÇÃO!I93 -> 204.9875 | H102: 204.99 | I102: =ROUND(E102*F102,2) -> 580.11 | J102: =ROUND(E102*G102,2) -> 0 | K102: =ROUND(H102*E102,2) -> 580.12 | L102: =K102/I102 -> 1.0000172
A103: =[3]REPROGRAMAÇÃO!A94 -> 6.2.2 | B103: =[3]REPROGRAMAÇÃO!B94 -> LASTRO DE CONCRETO MAGRO, APLICADO EM PISOS, LAJES SOBRE SOLO OU RADIERS, ESPESSURA DE 5 CM. AF_07/2016 | C103: =[3]REPROGRAMAÇÃO!E94 -> M2 | E103: =[3]REPROGRAMAÇÃO!J94 -> 27.13 | F103: =[3]REPROGRAMAÇÃO!I94 -> 425.1699 | H103: 306.62 | I103: =ROUND(E103*F103,2) -> 11534.86 | J103: =ROUND(E103*G103,2) -> 0 | K103: =ROUND(H103*E103,2) -> 8318.6 | L103: =K103/I103 -> 0.72117043
A104: =[3]REPROGRAMAÇÃO!A95 -> 6.2.3 | B104: =[3]REPROGRAMAÇÃO!B95 -> Fornecimento e instalação de tela aço soldada nervurada CA-60, Q-92, malha 15x15cm, ferro 4.2mm (1.48 kg/m2), painel 2,45x6,0m, Telcon ou similar | C104: =[3]REPROGRAMAÇÃO!E95 -> m2 | E104: =[3]REPROGRAMAÇÃO!J95 -> 44.04 | F104: =[3]REPROGRAMAÇÃO!I95 -> 204.9875 | H104: 204.99 | I104: =ROUND(E104*F104,2) -> 9027.65 | J104: =ROUND(E104*G104,2) -> 0 | K104: =ROUND(H104*E104,2) -> 9027.76 | L104: =K104/I104 -> 1.0000122
A105: =[3]REPROGRAMAÇÃO!A96 -> 6.2.4 | B105: =[3]REPROGRAMAÇÃO!B96 -> CONTRAPISO EM ARGAMASSA TRAÇO 1:4 (CIMENTO E AREIA), PREPARO MECÂNICO COM BETONEIRA 400 L, APLICADO EM ÁREAS SECAS SOBRE LAJE, ADERIDO, ACABAMENTO NÃO REFORÇADO, ESPESSURA 3CM. AF_07/2021 | C105: =[3]REPROGRAMAÇÃO!E96 -> M2 | E105: =[3]REPROGRAMAÇÃO!J96 -> 33.37 | F105: =[3]REPROGRAMAÇÃO!I96 -> 463.3224 | H105: 425.17 | I105: =ROUND(E105*F105,2) -> 15461.07 | J105: =ROUND(E105*G105,2) -> 0 | K105: =ROUND(H105*E105,2) -> 14187.92 | L105: =K105/I105 -> 0.91765447
A106: =[3]REPROGRAMAÇÃO!A97 -> 6.2.5 | B106: =[3]REPROGRAMAÇÃO!B97 -> REVESTIMENTO CERÂMICA PARA PISO COM PLACAS TIPO ESMALTADA EXTRA DE DIMENSÕES 60X60CM, NA COR BRANCA PEI 5 | C106: =[3]REPROGRAMAÇÃO!E97 -> M2 | E106: =[3]REPROGRAMAÇÃO!J97 -> 76.56 | F106: =[3]REPROGRAMAÇÃO!I97 -> 84.765 | H106: 46.61 | I106: =ROUND(E106*F106,2) -> 6489.61 | J106: =ROUND(E106*G106,2) -> 0 | K106: =ROUND(H106*E106,2) -> 3568.46 | L106: =K106/I106 -> 0.5498728
A107: =[3]REPROGRAMAÇÃO!A98 -> 6.2.6 | B107: =[3]REPROGRAMAÇÃO!B98 -> RODAPÉ CERÂMICO DE 7CM DE ALTURA COM PLACAS TIPO ESMALTADA EXTRA DE DIMENSÕES 60X60CM. AF_06/2014 | C107: =[3]REPROGRAMAÇÃO!E98 -> M | E107: =[3]REPROGRAMAÇÃO!J98 -> 20.3 | F107: =[3]REPROGRAMAÇÃO!I98 -> 75 | H107: 39.78 | I107: =ROUND(E107*F107,2) -> 1522.5 | J107: =ROUND(E107*G107,2) -> 0 | K107: =ROUND(H107*E107,2) -> 807.53 | L107: =K107/I107 -> 0.53039737
A108: =[3]REPROGRAMAÇÃO!A99 -> 6.2.7 | B108: =[3]REPROGRAMAÇÃO!B99 -> SOLEIRA EM GRANITO, LARGURA 15 CM, ESPESSURA 2,0 CM. AF_09/2020 | C108: =[3]REPROGRAMAÇÃO!E99 -> M | E108: =[3]REPROGRAMAÇÃO!J99 -> 92.24 | F108: =[3]REPROGRAMAÇÃO!I99 -> 77.7 | H108: =77.7+2.5 -> 80.2 | I108: =ROUND(E108*F108,2) -> 7167.05 | J108: =ROUND(E108*G108,2) -> 0 | K108: =ROUND(H108*E108,2) -> 7397.65 | L108: =K108/I108 -> 1.032175
A109: =[3]REPROGRAMAÇÃO!A100 -> 6.2.8 | B109: =[3]REPROGRAMAÇÃO!B100 -> PISO EM GRANITO APLICADO EM CALÇADAS OU PISOS EXTERNOS. AF_05/2020 | C109: =[3]REPROGRAMAÇÃO!E100 -> M2 | E109: =[3]REPROGRAMAÇÃO!J100 -> 365.47 | F109: =[3]REPROGRAMAÇÃO!I100 -> 1.0000889e-12 | H109: 0 | I109: =ROUND(E109*F109,2) -> 0 | J109: =ROUND(E109*G109,2) -> 0 | K109: =ROUND(H109*E109,2) -> 0 | L109: =K109/I109 -> #DIV/0!
A110: =[3]REPROGRAMAÇÃO!A101 -> 6.2.9 | B110: =[3]REPROGRAMAÇÃO!B101 -> PISO TÊXTIL (CARPETE) EM MANTA (ROLO) E = 6 A 7 MM. AF_09/2020 | C110: =[3]REPROGRAMAÇÃO!E101 -> M2 | E110: =[3]REPROGRAMAÇÃO!J101 -> 155.21 | F110: =[3]REPROGRAMAÇÃO!I101 -> 159.79 | H110: 0 | I110: =ROUND(E110*F110,2) -> 24801.01 | J110: =ROUND(E110*G110,2) -> 0 | K110: =ROUND(H110*E110,2) -> 0 | L110: =K110/I110 -> 0
A112: =[3]REPROGRAMAÇÃO!A103 -> 7 | B112: =[3]REPROGRAMAÇÃO!B103 -> REVESTIMENTOS | I112: =SUM(I113:I120) -> 149950.36 | J112: =SUM(J113:J120) -> 0 | K112: =SUM(K113:K120) -> 91068.48
A113: =[3]REPROGRAMAÇÃO!A104 -> 7.1 | B113: =[3]REPROGRAMAÇÃO!B104 -> CHAPISCO APLICADO EM ALVENARIAS E ESTRUTURAS DE CONCRETO INTERNAS, COM COLHER DE PEDREIRO. ARGAMASSA TRAÇO 1:3 COM PREPARO EM BETONEIRA 400L. AF_06/2014 | C113: =[3]REPROGRAMAÇÃO!E104 -> M2 | E113: =[3]REPROGRAMAÇÃO!J104 -> 3.58 | F113: =[3]REPROGRAMAÇÃO!I104 -> 1062.375 | H113: 817.54 | I113: =ROUND(E113*F113,2) -> 3803.3 | J113: =ROUND(E113*G113,2) -> 0 | K113: =ROUND(H113*E113,2) -> 2926.79 | L113: =K113/I113 -> 0.76953961
A114: =[3]REPROGRAMAÇÃO!A105 -> 7.2 | B114: =[3]REPROGRAMAÇÃO!B105 -> MASSA ÚNICA, PARA RECEBIMENTO DE PINTURA, EM ARGAMASSA TRAÇO 1:2:8, PREPARO MECÂNICO COM BETONEIRA 400L, APLICADA MANUALMENTE EM FACES INTERNAS DE PAREDES, ESPESSURA DE 20MM, COM EXECUÇÃO DE TALISCAS. AF_06/2014 | C114: =[3]REPROGRAMAÇÃO!E105 -> M2 | E114: =[3]REPROGRAMAÇÃO!J105 -> 30.02 | F114: =[3]REPROGRAMAÇÃO!I105 -> 1085.15 | H114: 838.13 | I114: =ROUND(E114*F114,2) -> 32576.2 | J114: =ROUND(E114*G114,2) -> 0 | K114: =ROUND(H114*E114,2) -> 25160.66 | L114: =K114/I114 -> 0.77236326
...

Sheet BM 21
C1: BM21 - Boletim de Medição
B4: ESTADO DA PARAÍBA
B5: PREFEITURA MUNICIPAL DE SOUSA - PB
A6: Objetivo | F6: Agente Promotor | J6: Data de Emissão | K6: Nº BM
A7: REFORMA E AMPLIAÇÃO DA SECRETARIA DE EDUCAÇÃO, NO MUNICÍPIO DE SOUSA/PB. | F7: PREFEITURA MUNICIPAL DE SOUSA - PB | J7: 45369 | K7: 21
A9: Localização | F9: Contratada | J9: Início da Obra | K9: Termino da Obra
A10: RUA DEP. JOSÉ DE PAIVA GADELHA. - BAIRRO GATO PRETO - SOUSA/PB | F10: COMPACTO CONSTRUÇÕES EIRELI - EPP | J10: 44748 | K10: 45266
A12: Modalidade | C12: Nº de Contrato e Data de assinatura | F12: Valor do Contrato / PMS | H12: Valor da medição - R$ | J12: Período de medição
A13: TOMADA DE PREÇOS 06/2022 | C13: Nº 0483/2022 - 06/07/2022 | F13: 1188434.6 | H13: =I300 -> 84058.007 | J13: 04/01/2025 a 25/03/2025
A16: ITEM | B16: REFERÊNCIA | C16: UND. | D16: PREÇO UNITÁRIO COM BDI | E16: QUANTIDADES | H16: PREÇO TOTAL R$
E17: Prevista (após reprogramação) | F17: Medida no período | G17: Acumulada incluindo o período | H17: Prevista | I17: Medida no período | J17: Acumulada incluindo o período | K17: Desvio
A19: 1 | B19: DEMOLIÇÕES / RETIRADAS / SERVIÇOS PRELIMINARES | H19: =SUM(H20:H30) -> 19433.31 | I19: =SUM(I20:I30) -> 0 | J19: =SUM(J20:J30) -> 17801.637
A20: 1.1 | B20: Remoção de árvore, porte médio, com utilização de retro-escavadeira | C20: un | D20: 110.74 | E20: 3 | G20: =F20+'BM20'!H20 -> 3 | H20: =ROUND(D20*E20,2) -> 332.22 | I20: =F20*D20 -> 0 | J20: =G20*D20 -> 332.22 | K20: =J20/H20 -> 1
A21: 1.2 | B21: REMOÇÃO DE TELHAS, DE FIBROCIMENTO, METÁLICA E CERÂMICA, DE FORMA MANUAL, SEM REAPROVEITAMENTO. AF_12/2017 | C21: M2 | D21: 2.9 | E21: 88.39 | G21: =F21+'BM20'!H21 -> 88.39 | H21: =ROUND(D21*E21,2) -> 256.33 | I21: =F21*D21 -> 0 | J21: =G21*D21 -> 256.331 | K21: =J21/H21 -> 1.0000039
A22: 1.3 | B22: REMOÇÃO DE TRAMA DE MADEIRA PARA COBERTURA, DE FORMA MANUAL, SEM REAPROVEITAMENTO. AF_12/2017 | C22: M2 | D22: 6.23 | E22: 88.39 | G22: =F22+'BM20'!H22 -> 88.39 | H22: =ROUND(D22*E22,2) -> 550.67 | I22: =F22*D22 -> 0 | J22: =G22*D22 -> 550.6697 | K22: =J22/H22 -> 0.99999946
A23: 1.4 | B23: REMOÇÃO DE TESOURAS DE MADEIRA, COM VÃO MENOR QUE 8M, DE FORMA MANUAL, SEM REAPROVEITAMENTO. AF_12/2017 | C23: UN | D23: 69.15 | E23: 3 | G23: =F23+'BM20'!H23 -> 3 | H23: =ROUND(D23*E23,2) -> 207.45 | I23: =F23*D23 -> 0 | J23: =G23*D23 -> 207.45 | K23: =J23/H23 -> 1
A24: 1.5 | B24: DEMOLIÇÃO DE ALVENARIA PARA QUALQUER TIPO DE BLOCO, DE FORMA MECANIZADA, SEM REAPROVEITAMENTO. AF_12/2017 | C24: M3 | D24: 52.25 | E24: 16.11 | G24: =F24+'BM20'!H24 -> 16.11 | H24: =ROUND(D24*E24,2) -> 841.75 | I24: =F24*D24 -> 0 | J24: =G24*D24 -> 841.7475 | K24: =J24/H24 -> 0.99999703
A25: 1.6 | B25: DEMOLIÇÃO DE PILARES E VIGAS EM CONCRETO ARMADO, DE FORMA MECANIZADA COM MARTELETE, SEM REAPROVEITAMENTO. AF_12/2017 | C25: M3 | D25: 230.25 | E25: 13.59 | G25: =F25+'BM20'!H25 -> 6.50419 | H25: =ROUND(D25*E25,2) -> 3129.1 | I25: =F25*D25 -> 0 | J25: =G25*D25 -> 1497.5897 | K25: =J25/H25 -> 0.47860079
A26: 1.7 | B26: DEMOLIÇÃO DE LAJES, DE FORMA MECANIZADA COM MARTELETE, SEM REAPROVEITAMENTO. AF_12/2017 | C26: M3 | D26: 97.97 | E26: 9.76 | G26: =F26+'BM20'!H26 -> 9.76 | H26: =ROUND(D26*E26,2) -> 956.19 | I26: =F26*D26 -> 0 | J26: =G26*D26 -> 956.1872 | K26: =J26/H26 -> 0.99999707
A27: 1.8 | B27: Demolição de pavimentação em paralelepípedo ou pré-moldados de concreto c/ reaproveitamento | C27: m2 | D27: 10.49 | E27: 564.31 | G27: =F27+'BM20'!H27 -> 564.31 | H27: =ROUND(D27*E27,2) -> 5919.61 | I27: =F27*D27 -> 0 | J27: =G27*D27 -> 5919.6119 | K27: =J27/H27 -> 1.0000003
A28: 1.9 | B28: DEMOLIÇÃO DE CONCRETO SIMPLES COM MARTELETE | C28: M3 | D28: 79.61 | E28: 6.54 | G28: =F28+'BM20'!H28 -> 6.538 | H28: =ROUND(D28*E28,2) -> 520.65 | I28: =F28*D28 -> 0 | J28: =G28*D28 -> 520.49018 | K28: =J28/H28 -> 0.99969304
A29: 1.10 | B29: LOCAÇÃO DA OBRA - EXECUÇÃO DE GABARITO | C29: M2 | D29: 7.56 | E29: 549 | G29: =F29+'BM20'!H29 -> 549 | H29: =ROUND(D29*E29,2) -> 4150.44 | I29: =F29*D29 -> 0 | J29: =G29*D29 -> 4150.44 | K29: =J29/H29 -> 1
A30: 1.11 | B30: Placa de obra em chapa aço galvanizado, instalada | C30: m2 | D30: 428.15 | E30: 6 | G30: =F30+'BM20'!H30 -> 6 | H30: =ROUND(D30*E30,2) -> 2568.9 | I30: =F30*D30 -> 0 | J30: =G30*D30 -> 2568.9 | K30: =J30/H30 -> 1
A32: 2 | B32: INFRAESTRUTURA | H32: =SUM(H33:H42) -> 93551.27 | I32: =SUM(I33:I42) -> 0 | J32: =SUM(J33:J42) -> 93340.373 | K32: =J32/H32 -> 0.99774566
A33: 2.1 | B33: ATERRO MANUAL DE VALAS COM SOLO ARGILO-ARENOSO E COMPACTAÇÃO MECANIZADA. AF_05/2016 | C33: M3 | D33: 40.65 | E33: 116.67 | G33: =F33+'BM20'!H33 -> 116.67 | H33: =ROUND(D33*E33,2) -> 4742.64 | I33: =F33*D33 -> 0 | J33: =G33*D33 -> 4742.6355 | K33: =J33/H33 -> 0.99999905
A34: 2.2 | B34: ESCAVAÇÃO MANUAL PARA BLOCO DE COROAMENTO OU SAPATA (INCLUINDO ESCAVAÇÃO PARA COLOCAÇÃO DE FÔRMAS). AF_06/2017 | C34: M3 | D34: 78.79 | E34: 93.14 | G34: =F34+'BM20'!H34 -> 93.14 | H34: =ROUND(D34*E34,2) -> 7338.5 | I34: =F34*D34 -> 0 | J34: =G34*D34 -> 7338.5006 | K34: =J34/H34 -> 1.0000001
A35: 2.3 | B35: REATERRO MANUAL DE VALAS COM COMPACTAÇÃO MECANIZADA. AF_04/2016 | C35: M3 | D35: 25.67 | E35: 22.25 | G35: =F35+'BM20'!H35 -> 21.47 | H35: =ROUND(D35*E35,2) -> 571.16 | I35: =F35*D35 -> 0 | J35: =G35*D35 -> 551.1349 | K35: =J35/H35 -> 0.9649396
A36: 2.4 | B36: LASTRO DE CONCRETO MAGRO, APLICADO EM PISOS, LAJES SOBRE SOLO OU RADIERS, ESPESSURA DE 5 CM. AF_07/2016 | C36: M2 | D36: 27.13 | E36: 51.07 | G36: =F36+'BM20'!H36 -> 51.57 | H36: =ROUND(D36*E36,2) -> 1385.53 | I36: =F36*D36 -> 0 | J36: =G36*D36 -> 1399.0941 | K36: =J36/H36 -> 1.0097898
A37: 2.5 | B37: ALVENARIA DE EMBASAMENTO EM TIJOLO CERÂMICO FURADO C/ ARGAMASSA CIMENTO E AREIA 1:4 | C37: M3 | D37: 759.9 | E37: 25.46 | G37: =F37+'BM20'!H37 -> 25.46 | H37: =ROUND(D37*E37,2) -> 19347.05 | I37: =F37*D37 -> 0 | J37: =G37*D37 -> 19347.054 | K37: =J37/H37 -> 1.0000002
A38: 2.6 | B38: Forma plana para fundações, em compensado resinado 12mm, 07 usos | C38: m2 | D38: 82.64 | E38: 75.43 | G38: =F38+'BM20'!H38 -> 75.43 | H38: =ROUND(D38*E38,2) -> 6233.54 | I38: =F38*D38 -> 0 | J38: =G38*D38 -> 6233.5352 | K38: =J38/H38 -> 0.99999923
A39: 2.7 | B39: ARMAÇÃO DE BLOCO, VIGA BALDRAME OU SAPATA UTILIZANDO AÇO CA-50 DE 10 MM - MONTAGEM. AF_06/2017 | C39: KG | D39: 20.03 | E39: 1675.91 | G39: =F39+'BM20'!H39 -> 1675.91 | H39: =ROUND(D39*E39,2) -> 33568.48 | I39: =F39*D39 -> 0 | J39: =G39*D39 -> 33568.477 | K39: =J39/H39 -> 0.99999992
A40: 2.8 | B40: CONCRETO FCK = 25MPA, TRAÇO 1:2,3:2,7 (EM MASSA SECA DE CIMENTO/ AREIA MÉDIA/ BRITA 1) - PREPARO MECÂNICO COM BETONEIRA 400 L. AF_05/2021 | C40: M3 | D40: 444.59 | E40: 27.25 | G40: =F40+'BM20'!H40 -> 27.25 | H40: =ROUND(D40*E40,2) -> 12115.08 | I40: =F40*D40 -> 0 | J40: =G40*D40 -> 12115.078 | K40: =J40/H40 -> 0.99999979
A41: 2.9 | B41: LANÇAMENTO COM USO DE BALDES, ADENSAMENTO E ACABAMENTO DE CONCRETO EM ESTRUTURAS. AF_12/2015 | C41: M3 | D41: 177.76 | E41: 27.25 | G41: =F41+'BM20'!H41 -> 26.1 | H41: =ROUND(D41*E41,2) -> 4843.96 | I41: =F41*D41 -> 0 | J41: =G41*D41 -> 4639.536 | K41: =J41/H41 -> 0.95779817
A42: 2.10 | B42: Impermeabilização de alicerce e viga baldrame com 2 demãos de tinta asfáltica tipo Neutrol da Vedacit ou similar, exceto argamassa impermeabilização | C42: m2 | D42: 26.99 | E42: 126.17 | G42: =F42+'BM20'!H42 -> 126.17 | H42: =ROUND(D42*E42,2) -> 3405.33 | I42: =F42*D42 -> 0 | J42: =G42*D42 -> 3405.3283 | K42: =J42/H42 -> 0.9999995
A44: 3 | B44: SUPERESTRUTURA | H44: =SUM(H46:H61) -> 228332.07 | I44: =SUM(I46:I61) -> 0 | J44: =SUM(J46:J61) -> 227411.46 | K44: =J44/H44 -> 0.9959681
A45: 3.1 | B45: CONCRETO ARMADO (PILARES / VIGAS)
A46: 3.1.1 | B46: ARMAÇÃO DE PILAR OU VIGA DE UMA ESTRUTURA CONVENCIONAL DE CONCRETO ARMADO EM UMA EDIFICAÇÃO TÉRREA OU SOBRADO UTILIZANDO AÇO CA-60 DE 5,0 MM - MONTAGEM. AF_12/2015 | C46: KG | D46: 23.39 | E46: 1624.6407 | G46: =F46+'BM20'!H46 -> 1624.6407 | H46: =ROUND(D46*E46,2) -> 38000.35 | I46: =F46*D46 -> 0 | J46: =G46*D46 -> 38000.346 | K46: =J46/H46 -> 0.99999989
A47: 3.1.2 | B47: ARMAÇÃO DE PILAR OU VIGA DE UMA ESTRUTURA CONVENCIONAL DE CONCRETO ARMADO EM UMA EDIFICAÇÃO TÉRREA OU SOBRADO UTILIZANDO AÇO CA-50 DE 6,3 MM - MONTAGEM. AF_12/2015 | C47: KG | D47: 22.94 | E47: 323.702 | G47: =F47+'BM20'!H47 -> 323.702 | H47: =ROUND(D47*E47,2) -> 7425.72 | I47: =F47*D47 -> 0 | J47: =G47*D47 -> 7425.7239 | K47: =J47/H47 -> 1.0000005
A48: 3.1.3 | B48: ARMAÇÃO DE PILAR OU VIGA DE UMA ESTRUTURA CONVENCIONAL DE CONCRETO ARMADO EM UMA EDIFICAÇÃO TÉRREA OU SOBRADO UTILIZANDO AÇO CA-50 DE 10,0 MM - MONTAGEM. AF_12/2015 | C48: KG | D48: 19.98 | E48: 3227.162 | G48: =F48+'BM20'!H48 -> 3227.162 | H48: =ROUND(D48*E48,2) -> 64478.7 | I48: =F48*D48 -> 0 | J48: =G48*D48 -> 64478.697 | K48: =J48/H48 -> 0.99999995
A49: 3.1.4 | B49: ARMAÇÃO DE PILAR OU VIGA DE UMA ESTRUTURA CONVENCIONAL DE CONCRETO ARMADO EM UMA EDIFICAÇÃO TÉRREA OU SOBRADO UTILIZANDO AÇO CA-50 DE 12,5 MM - MONTAGEM. AF_12/2015 | C49: KG | D49: 16.99 | E49: 749.97 | G49: =F49+'BM20'!H49 -> 749.97 | H49: =ROUND(D49*E49,2) -> 12741.99 | I49: =F49*D49 -> 0 | J49: =G49*D49 -> 12741.99 | K49: =J49/H49 -> 1
A50: 3.1.5 | B50: Forma plana para estruturas, em compensado plastificado de 12mm, 12 usos, inclusive escoramento - Revisada 07.2015 | C50: m2 | D50: 48.69 | E50: 863.21 | G50: =F50+'BM20'!H50 -> 863.21 | H50: =ROUND(D50*E50,2) -> 42029.69 | I50: =F50*D50 -> 0 | J50: =G50*D50 -> 42029.695 | K50: =J50/H50 -> 1.0000001
A51: 3.1.6 | B51: CONCRETO FCK = 25MPA, TRAÇO 1:2,3:2,7 (EM MASSA SECA DE CIMENTO/ AREIA MÉDIA/ BRITA 1) - PREPARO MECÂNICO COM BETONEIRA 400 L. AF_05/2021 | C51: M3 | D51: 444.59 | E51: 66.45 | G51: =F51+'BM20'!H51 -> 66.45 | H51: =ROUND(D51*E51,2) -> 29543.01 | I51: =F51*D51 -> 0 | J51: =G51*D51 -> 29543.006 | K51: =J51/H51 -> 0.99999985
A52: 3.1.7 | B52: LANÇAMENTO COM USO DE BALDES, ADENSAMENTO E ACABAMENTO DE CONCRETO EM ESTRUTURAS. AF_12/2015 | C52: M3 | D52: 177.76 | E52: 66.45 | G52: =F52+'BM20'!H52 -> 66.45 | H52: =ROUND(D52*E52,2) -> 11812.15 | I52: =F52*D52 -> 0 | J52: =G52*D52 -> 11812.152 | K52: =J52/H52 -> 1.0000002
A53: 3.2 | B53: LAJE | K53: =J53/H53 -> #DIV/0!
A54: 3.2.1 | B54: LAJE PRÉ-MOLDADA UNIDIRECIONAL, BIAPOIADA, PARA PISO, ENCHIMENTO EM CERÂMICA, VIGOTA CONVENCIONAL, ALTURA TOTAL DA LAJE (ENCHIMENTO+CAPA) = (8+4). AF_11/2020 | C54: m² | D54: 190.06 | E54: 112.49 | G54: =F54+'BM20'!H54 -> 112.49 | H54: =ROUND(D54*E54,2) -> 21379.85 | I54: =F54*D54 -> 0 | J54: =G54*D54 -> 21379.849 | K54: =J54/H54 -> 0.99999997
A55: 3.3 | B55: VERGAS E CONTRA VERGAS | K55: =J55/H55 -> #DIV/0!
A56: 3.3.1 | B56: VERGA PRÉ-MOLDADA PARA PORTAS COM ATÉ 1,5 M DE VÃO. AF_03/2016 | C56: M | D56: 37.35 | E56: 10 | G56: =F56+'BM20'!H56 -> 0 | H56: =ROUND(D56*E56,2) -> 373.5 | I56: =F56*D56 -> 0 | J56: =G56*D56 -> 0 | K56: =J56/H56 -> 0
A57: 3.3.2 | B57: VERGA PRÉ-MOLDADA PARA PORTAS COM MAIS DE 1,5 M DE VÃO. AF_03/2016 | C57: M | D57: 65.99 | E57: 2 | G57: =F57+'BM20'!H57 -> 0 | H57: =ROUND(D57*E57,2) -> 131.98 | I57: =F57*D57 -> 0 | J57: =G57*D57 -> 0 | K57: =J57/H57 -> 0
A58: 3.3.3 | B58: VERGA PRÉ-MOLDADA PARA JANELAS COM ATÉ 1,5 M DE VÃO. AF_03/2016 | C58: M | D58: 51.26 | E58: 0.95 | G58: =F58+'BM20'!H58 -> 0 | H58: =ROUND(D58*E58,2) -> 48.7 | I58: =F58*D58 -> 0 | J58: =G58*D58 -> 0 | K58: =J58/H58 -> 0
A59: 3.3.4 | B59: VERGA PRÉ-MOLDADA PARA JANELAS COM MAIS DE 1,5 M DE VÃO. AF_03/2016 | C59: M | D59: 66.86 | E59: 2.5 | G59: =F59+'BM20'!H59 -> 0 | H59: =ROUND(D59*E59,2) -> 167.15 | I59: =F59*D59 -> 0 | J59: =G59*D59 -> 0 | K59: =J59/H59 -> 0
A60: 3.3.5 | B60: CONTRAVERGA PRÉ-MOLDADA PARA VÃOS DE ATÉ 1,5 M DE COMPRIMENTO. AF_03/2016 | C60: M | D60: 50.24 | E60: 0.95 | G60: =F60+'BM20'!H60 -> 0 | H60: =ROUND(D60*E60,2) -> 47.73 | I60: =F60*D60 -> 0 | J60: =G60*D60 -> 0 | K60: =J60/H60 -> 0
A61: 3.3.6 | B61: CONTRAVERGA PRÉ-MOLDADA PARA VÃOS DE MAIS DE 1,5 M DE COMPRIMENTO. AF_03/2016 | C61: M | D61: 60.62 | E61: 2.5 | G61: =F61+'BM20'!H61 -> 0 | H61: =ROUND(D61*E61,2) -> 151.55 | I61: =F61*D61 -> 0 | J61: =G61*D61 -> 0 | K61: =J61/H61 -> 0
A63: 4 | B63: PAREDES E FECHAMENTOS | H63: =SUM(H64:H65) -> 35376.71 | I63: =SUM(I64:I65) -> 0 | J63: =SUM(J64:J65) -> 35376.714 | K63: =J63/H63 -> 1.0000001
A64: 4.1 | B64: ALVENARIA DE VEDAÇÃO DE BLOCOS CERÂMICOS FURADOS NA HORIZONTAL DE 9X19X19CM (ESPESSURA 9CM) DE PAREDES COM ÁREA LÍQUIDA MAIOR OU IGUAL A 6M² SEM VÃOS E ARGAMASSA DE ASSENTAMENTO COM PREPARO EM BETONEIRA. AF_06/2014 | C64: M2 | D64: 70.34 | E64: 435.57 | G64: =F64+'BM20'!H64 -> 435.57 | H64: =ROUND(D64*E64,2) -> 30637.99 | I64: =F64*D64 -> 0 | J64: =G64*D64 -> 30637.994 | K64: =J64/H64 -> 1.0000001
A65: 4.2 | B65: ALVENARIA DE VEDAÇÃO DE BLOCOS CERÂMICOS FURADOS 9x19x19 CM (ESPESSURA 19CM) E ARGAMASSA DE ASSENTAMENTO COM PREPARO EM BETONEIRA | C65: M2 | D65: 89.97 | E65: 52.67 | G65: =F65+'BM20'!H65 -> 52.67 | H65: =ROUND(D65*E65,2) -> 4738.72 | I65: =F65*D65 -> 0 | J65: =G65*D65 -> 4738.7199 | K65: =J65/H65 -> 0.99999998
A67: 5 | B67: COBERTURA | H67: =SUM(H68:H84) -> 181089.39 | I67: =SUM(I68:I84) -> 973.91443 | J67: =SUM(J68:J84) -> 177683.97 | K67: =J67/H67 -> 0.9811948
A68: 5.1 | B68: ESTRUTURA METÁLICA P/ COBERTURA C/ VIGAS - TRELIÇADAS E TERÇAS | C68: M2 | D68: 143.84 | E68: 0 | G68: =F68+'BM20'!H68 -> 0 | H68: =ROUND(D68*E68,2) -> 0 | I68: =F68*D68 -> 0 | J68: =G68*D68 -> 0 | K68: =J68/H68 -> #DIV/0!
A69: 5.2 | B69: TELHA TERMOACÚSTICA TRAPEZOIDAL INCLINAÇÃO 17.6% | C69: M2 | D69: 161.29 | E69: 167.97 | G69: =F69+'BM20'!H69 -> 167.97 | H69: =ROUND(D69*E69,2) -> 27091.88 | I69: =F69*D69 -> 0 | J69: =G69*D69 -> 27091.881 | K69: =J69/H69 -> 1
A70: 5.3 | B70: TELHAMENTO COM TELHA DE AÇO/ALUMÍNIO E = 0,5 MM, COM ATÉ 2 ÁGUAS, INCL M2 USO IÇAMENTO. AF_07/2019 | C70: M2 | D70: 75.85 | E70: 308.34 | G70: =F70+'BM20'!H70 -> 308.34 | H70: =ROUND(D70*E70,2) -> 23387.59 | I70: =F70*D70 -> 0 | J70: =G70*D70 -> 23387.589 | K70: =J70/H70 -> 0.99999996
A71: 5.4 | B71: TELHAMENTO COM TELHA CERÂMICA CAPA-CANAL, TIPO COLONIAL, COM ATÉ 2 ÁGUAS, INCLUSO TRANSPORTE VERTICAL. AF_07/2019 | C71: M2 | D71: 36.22 | E71: 28.5 | G71: =F71+'BM20'!H71 -> 28.5 | H71: =ROUND(D71*E71,2) -> 1032.27 | I71: =F71*D71 -> 0 | J71: =G71*D71 -> 1032.27 | K71: =J71/H71 -> 1
A72: 5.5 | B72: Cumeeira em alumínio - 30cm de cada lado, e= 0,8mm | C72: m | D72: 110 | E72: 27 | G72: =F72+'BM20'!H72 -> 27 | H72: =ROUND(D72*E72,2) -> 2970 | I72: =F72*D72 -> 0 | J72: =G72*D72 -> 2970 | K72: =J72/H72 -> 1
A73: 5.6 | B73: CUMEEIRA TERMOACÚSTICA | C73: M | D73: 76.19 | E73: 24 | G73: =F73+'BM20'!H73 -> 24 | H73: =ROUND(D73*E73,2) -> 1828.56 | I73: =F73*D73 -> 0 | J73: =G73*D73 -> 1828.56 | K73: =J73/H73 -> 1
A74: 5.7 | B74: Rufo de concreto armado fck=20mpa l=30cm e h=5cm | C74: m | D74: 44.65 | E74: 0 | G74: =F74+'BM20'!H74 -> 0 | H74: =ROUND(D74*E74,2) -> 0 | I74: =F74*D74 -> 0 | J74: =G74*D74 -> 0 | K74: =J74/H74 -> #DIV/0!
A75: 5.8 | B75: RUFO EXTERNO/INTERNO EM CHAPA DE AÇO GALVANIZADO NÚMERO 26, CORTE DE 33 CM, INCLUSO IÇAMENTO. AF_07/2019 | C75: M | D75: 69.76 | E75: 52.8 | G75: =F75+'BM20'!H75 -> 52.8 | H75: =ROUND(D75*E75,2) -> 3683.33 | I75: =F75*D75 -> 0 | J75: =G75*D75 -> 3683.328 | K75: =J75/H75 -> 0.99999946
A76: 5.9 | B76: CALHA EM CHAPA DE AÇO GALVANIZADO NÚMERO 24, DESENVOLVIMENTO DE 100 CM, INCLUSO TRANSPORTE VERTICAL. AF_07/2019 | C76: M | D76: 201.91 | E76: 0 | G76: =F76+'BM20'!H76 -> 0 | H76: =ROUND(D76*E76,2) -> 0 | I76: =F76*D76 -> 0 | J76: =G76*D76 -> 0 | K76: =J76/H76 -> #DIV/0!
A77: 5.10 | B77: FORRO EM DRYWALL, PARA AMBIENTES COMERCIAIS, INCLUSIVE ESTRUTURA DE FIXAÇÃO. AF_05/2017_P | C77: M2 | D77: 88.25 | E77: 151.4375 | G77: =F77+'BM20'!H77 -> 151.44 | H77: =ROUND(D77*E77,2) -> 13364.36 | I77: =F77*D77 -> 0 | J77: =G77*D77 -> 13364.58 | K77: =J77/H77 -> 1.0000165
A78: 5.11 | B78: IMPERMEABILIZAÇÃO DE SUPERFÍCIE COM MANTA ASFÁLTICA, DUAS CAMADAS, INCLUSIVE APLICAÇÃO DE PRIMER ASFÁLTICO, E=3MM E E=4MM. AF_06/2018 | C78: M2 | D78: 172.1 | E78: 0 | G78: =F78+'BM20'!H78 -> 0 | H78: =ROUND(D78*E78,2) -> 0 | I78: =F78*D78 -> 0 | J78: =G78*D78 -> 0 | K78: =J78/H78 -> #DIV/0!
A79: 5.12 | B79: TRAMA DE MADEIRA COMPOSTA POR RIPAS, CAIBROS E TERÇAS PARA TELHADOS DE ATÉ 2 ÁGUAS PARA TELHA CERÂMICA CAPA-CANAL, INCLUSO TRANSPORTE VERTICAL. AF_07/2019 | C79: M2 | D79: 77.97 | E79: 0 | G79: =F79+'BM20'!H79 -> 0 | H79: =ROUND(D79*E79,2) -> 0 | I79: =F79*D79 -> 0 | J79: =G79*D79 -> 0 | K79: =J79/H79 -> #DIV/0!
... A83: 5.16 | B83: Calha em chapa de aço galvanizado nº 26, desenvolvimento 86 cm (fundo=32 cm, laterais=15 cm, bordas=12cm) | C83: M | D83: 196.44 | E83: 171.5 | G83: =F83+'BM20'!H83 -> 156.5 | H83: =ROUND(D83*E83,2) -> 33689.46 | I83: =F83*D83 -> 0 | J83: =G83*D83 -> 30742.86 | K83: =J83/H83 -> 0.91253644
A84: 5.17 | B84: FORRO EM PLACAS DE GESSO, PARA AMBIENTES COMERCIAIS. AF_05/2017_P | C84: M2 | D84: 37.86 | E84: 217.41 | F84: =Memorial!L15 -> 25.7241 | G84: =F84+'BM20'!H84 -> 216.4341 | H84: =ROUND(D84*E84,2) -> 8231.14 | I84: =F84*D84 -> 973.91443 | J84: =G84*D84 -> 8194.195 | K84: =J84/H84 -> 0.99551156
K85: =J85/H85 -> #DIV/0!
A86: 6 | B86: PAVIMENTAÇÃO | H86: =SUM(H87:H110) -> 138623.3 | I86: =SUM(I87:I110) -> 8167.5941 | J86: =SUM(J87:J110) -> 146300.14 | K86: =J86/H86 -> 1.0553792
A87: 6.1 | B87: ÁREA EXTERNA | K87: =J87/H87 -> #DIV/0!
A88: 6.1.1 | B88: EXECUÇÃO DE PÁTIO/ESTACIONAMENTO EM PISO INTERTRAVADO, COM BLOCO RETANGULAR COLORIDO DE 20 X 10 CM, ESPESSURA 6 CM. AF_12/2015 | C88: M2 | D88: 56.47 | E88: 62.7054 | G88: =F88+'BM20'!H88 -> 62.71 | H88: =ROUND(D88*E88,2) -> 3540.97 | I88: =F88*D88 -> 0 | J88: =G88*D88 -> 3541.2337 | K88: =J88/H88 -> 1.0000745
A89: 6.1.2 | B89: EXECUÇÃO DE PÁTIO/ESTACIONAMENTO EM PISO INTERTRAVADO, COM BLOCO RETANGULAR COR NATURAL DE 20 X 10 CM, ESPESSURA 6 CM. AF_12/2015 | C89: M2 | D89: 50.55 | E89: 63.055 | G89: =F89+'BM20'!H89 -> 63.05 | H89: =ROUND(D89*E89,2) -> 3187.43 | I89: =F89*D89 -> 0 | J89: =G89*D89 -> 3187.1775 | K89: =J89/H89 -> 0.99992078
A90: 6.1.3 | B90: EXECUÇÃO DE PAVIMENTO EM PISO INTERTRAVADO, COM BLOCO SEXTAVADO DE 25 X 25 CM, ESPESSURA 8 CM. AF_12/2015 | C90: M2 | D90: 62.58 | E90: 0 | G90: =F90+'BM20'!H90 -> 0 | H90: =ROUND(D90*E90,2) -> 0 | I90: =F90*D90 -> 0 | J90: =G90*D90 -> 0 | K90: =J90/H90 -> #DIV/0!
A91: 6.1.4 | B91: Piso em pedra calcárea, cortada, aparelhada e com face aparente lisa e polida, esp=8cm, assentado com argamassa de cimento e areia (1:3) na esp=5cm, esclusive lastro de regularização em concreto simples | C91: m2 | D91: 176.99 | E91: 104.89 | G91: =F91+'BM20'!H91 -> 104.89 | H91: =ROUND(D91*E91,2) -> 18564.48 | I91: =F91*D91 -> 0 | J91: =G91*D91 -> 18564.481 | K91: =J91/H91 -> 1.0000001
A92: 6.1.5 | B92: PLANTIO DE GRAMA EM PLACAS. AF_05/2018 | C92: M2 | D92: 15.5 | E92: 9.9475983e-13 | G92: =F92+'BM20'!H92 -> 0 | H92: =ROUND(D92*E92,2) -> 0 | I92: =F92*D92 -> 0 | J92: =G92*D92 -> 0 | K92: =J92/H92 -> #DIV/0!
A93: 6.1.6 | B93: Piso tátil direcional e/ou alerta, de concreto, na cor natural, p/deficientes visuais, dimensões 25x25cm, aplicado com argamassa industrializada ac-ii, rejuntado, exclusive regularização de base | C93: m2 | D93: 102.24 | E93: 44.39 | G93: =F93+'BM20'!H93 -> 44.39 | H93: =ROUND(D93*E93,2) -> 4538.43 | I93: =F93*D93 -> 0 | J93: =G93*D93 -> 4538.4336 | K93: =J93/H93 -> 1.0000008
A94: 6.1.7 | B94: Rampa padrão para acesso de deficientes a passeio público, em concreto simples Fck=25MPa, desempolada, pintada em novacor, 02 demãos e piso tátil de alerta/direcional. | C94: un | D94: 463.96 | E94: 3 | G94: =F94+'BM20'!H94 -> 3 | H94: =ROUND(D94*E94,2) -> 1391.88 | I94: =F94*D94 -> 0 | J94: =G94*D94 -> 1391.88 | K94: =J94/H94 -> 1
A95: 6.1.8 | B95: ASSENTAMENTO DE GUIA (MEIO-FIO) EM TRECHO RETO, CONFECCIONADA EM CONCRETO PRÉ-FABRICADO, DIMENSÕES 100X15X13X30 CM (COMPRIMENTO X BASE INFERIOR X BASE SUPERIOR X ALTURA), PARA VIAS URBANAS (USO VIÁRIO). AF_06/2016 | C95: M | D95: 58.48 | E95: 199.3 | G95: =F95+'BM20'!H95 -> 199.3 | H95: =ROUND(D95*E95,2) -> 11655.06 | I95: =F95*D95 -> 0 | J95: =G95*D95 -> 11655.064 | K95: =J95/H95 -> 1.0000003
A96: 6.1.9 | B96: EXECUÇÃO DE PASSEIO (CALÇADA) OU PISO DE CONCRETO COM CONCRETO MOLDADO IN LOCO, FEITO EM OBRA, ACABAMENTO CONVENCIONAL, NÃO ARMADO. AF_07/2016 | C96: M3 | D96: 717.24 | E96: 9.0304 | G96: =F96+'BM20'!H96 -> 9.03 | H96: =ROUND(D96*E96,2) -> 6476.96 | I96: =F96*D96 -> 0 | J96: =G96*D96 -> 6476.6772 | K96: =J96/H96 -> 0.99995634
A97: 6.1.10 | B97: LASTRO DE CONCRETO MAGRO, APLICADO EM PISOS, LAJES SOBRE SOLO OU RADIERS, ESPESSURA DE 5 CM. AF_07/2016 | C97: M2 | D97: 27.13 | E97: 157.1919 | G97: =F97+'BM20'!H97 -> 157.19 | H97: =ROUND(D97*E97,2) -> 4264.62 | I97: =F97*D97 -> 0 | J97: =G97*D97 -> 4264.5647 | K97: =J97/H97 -> 0.99998703
A98: 6.1.11 | B98: Fornecimento e instalação de tela aço soldada nervurada CA-60, Q-92, malha 15x15cm, ferro 4.2mm (1.48 kg/m2), painel 2,45x6,0m, Telcon ou similar | C98: m2 | D98: 44.04 | E98: 96.8 | G98: =F98+'BM20'!H98 -> 85.67 | H98: =ROUND(D98*E98,2) -> 4263.07 | I98: =F98*D98 -> 0 | J98: =G98*D98 -> 3772.9068 | K98: =J98/H98 -> 0.88502108
A99: 6.1.12 | B99: EXECUÇÃO DE PÁTIO/ESTACIONAMENTO EM PISO INTERTRAVADO, COM BLOCO RETANGULAR COR NATURAL DE 20 X 10 CM, ESPESSURA 8 CM. AF_12/2015 | C99: m2 | D99: 64.33 | E99: 572.859 | F99: =Memorial!L36 -> 126.964 | G99: =F99+'BM20'!H99 -> 699.824 | H99: =ROUND(D99*E99,2) -> 36852.02 | I99: =F99*D99 -> 8167.5941 | J99: =G99*D99 -> 45019.678 | K99: =J99/H99 -> 1.2216339
K100: =J100/H100 -> #DIV/0!
A101: 6.2 | B101: ÁREA INTERNA | K101: =J101/H101 -> #DIV/0!
A102: 6.2.1 | B102: CAMADA SEPARADORA PARA EXECUÇÃO DE RADIER, PISO DE CONCRETO OU LAJE SOBRE SOLO, EM LONA PLÁSTICA. AF_09/2021 | C102: M2 | D102: 2.83 | E102: 204.9875 | G102: =F102+'BM20'!H102 -> 204.99 | H102: =ROUND(D102*E102,2) -> 580.11 | I102: =F102*D102 -> 0 | J102: =G102*D102 -> 580.1217 | K102: =J102/H102 -> 1.0000202
A103: 6.2.2 | B103: LASTRO DE CONCRETO MAGRO, APLICADO EM PISOS, LAJES SOBRE SOLO OU RADIERS, ESPESSURA DE 5 CM. AF_07/2016 | C103: M2 | D103: 27.13 | E103: 306.6199 | G103: =F103+'BM20'!H103 -> 306.62 | H103: =ROUND(D103*E103,2) -> 8318.6 | I103: =F103*D103 -> 0 | J103: =G103*D103 -> 8318.6006 | K103: =J103/H103 -> 1.0000001
A104: 6.2.3 | B104: Fornecimento e instalação de tela aço soldada nervurada CA-60, Q-92, malha 15x15cm, ferro 4.2mm (1.48 kg/m2), painel 2,45x6,0m, Telcon ou similar | C104: m2 | D104: 44.04 | E104: 204.9875 | G104: =F104+'BM20'!H104 -> 204.99 | H104: =ROUND(D104*E104,2) -> 9027.65 | I104: =F104*D104 -> 0 | J104: =G104*D104 -> 9027.7596 | K104: =J104/H104 -> 1.0000121
A105: 6.2.4 | B105: CONTRAPISO EM ARGAMASSA TRAÇO 1:4 (CIMENTO E AREIA), PREPARO MECÂNICO COM BETONEIRA 400 L, APLICADO EM ÁREAS SECAS SOBRE LAJE, ADERIDO, ACABAMENTO NÃO REFORÇADO, ESPESSURA 3CM. AF_07/2021 | C105: M2 | D105: 33.37 | E105: 425.1724 | G105: =F105+'BM20'!H105 -> 425.17 | H105: =ROUND(D105*E105,2) -> 14188 | I105: =F105*D105 -> 0 | J105: =G105*D105 -> 14187.923 | K105: =J105/H105 -> 0.99999457
A106: 6.2.5 | B106: REVESTIMENTO CERÂMICA PARA PISO COM PLACAS TIPO ESMALTADA EXTRA DE DIMENSÕES 60X60CM, NA COR BRANCA PEI 5 | C106: M2 | D106: 76.56 | E106: 46.615 | G106: =F106+'BM20'!H106 -> 46.61 | H106: =ROUND(D106*E106,2) -> 3568.84 | I106: =F106*D106 -> 0 | J106: =G106*D106 -> 3568.4616 | K106: =J106/H106 -> 0.99989397
A107: 6.2.6 | B107: RODAPÉ CERÂMICO DE 7CM DE ALTURA COM PLACAS TIPO ESMALTADA EXTRA DE DIMENSÕES 60X60CM. AF_06/2014 | C107: M | D107: 20.3 | E107: 39.78 | G107: =F107+'BM20'!H107 -> 39.78 | H107: =ROUND(D107*E107,2) -> 807.53 | I107: =F107*D107 -> 0 | J107: =G107*D107 -> 807.534 | K107: =J107/H107 -> 1.000005
A108: 6.2.7 | B108: SOLEIRA EM GRANITO, LARGURA 15 CM, ESPESSURA 2,0 CM. AF_09/2020 | C108: M | D108: 92.24 | E108: 80.2 | G108: =F108+'BM20'!H108 -> 80.2 | H108: =ROUND(D108*E108,2) -> 7397.65 | I108: =F108*D108 -> 0 | J108: =G108*D108 -> 7397.648 | K108: =J108/H108 -> 0.99999973
A109: 6.2.8 | B109: PISO EM GRANITO APLICADO EM CALÇADAS OU PISOS EXTERNOS. AF_05/2020 | C109: M2 | D109: 365.47 | E109: 1.0000889e-12 | G109: =F109+'BM20'!H109 -> 0 | H109: =ROUND(D109*E109,2) -> 0 | I109: =F109*D109 -> 0 | J109: =G109*D109 -> 0 | K109: =J109/H109 -> #DIV/0!
A110: 6.2.9 | B110: PISO TÊXTIL (CARPETE) EM MANTA (ROLO) E = 6 A 7 MM. AF_09/2020 | C110: M2 | D110: 155.21 | E110: 0 | G110: =F110+'BM20'!H110 -> 0 | H110: =ROUND(D110*E110,2) -> 0 | I110: =F110*D110 -> 0 | J110: =G110*D110 -> 0 | K110: =J110/H110 -> #DIV/0!
K111: =J111/H111 -> #DIV/0!
A112: 7 | B112: REVESTIMENTOS | H112: =SUM(H113:H120) -> 91180.86 | I112: =SUM(I113:I120) -> 0 | J112: =SUM(J113:J120) -> 91068.482 | K112: =J112/H112 -> 0.99876753
A113: 7.1 | B113: CHAPISCO APLICADO EM ALVENARIAS E ESTRUTURAS DE CONCRETO INTERNAS, COM COLHER DE PEDREIRO. ARGAMASSA TRAÇO 1:3 COM PREPARO EM BETONEIRA 400L. AF_06/2014 | C113: M2 | D113: 3.58 | E113: 817.54 | G113: =F113+'BM20'!H113 -> 817.54 | H113: =ROUND(D113*E113,2) -> 2926.79 | I113: =F113*D113 -> 0 | J113: =G113*D113 -> 2926.7932 | K113: =J113/H113 -> 1.0000011
A114: 7.2 | B114: MASSA ÚNICA, PARA RECEBIMENTO DE PINTURA, EM ARGAMASSA TRAÇO 1:2:8, PREPARO MECÂNICO COM BETONEIRA 400L, APLICADA MANUALMENTE EM FACES INTERNAS DE PAREDES, ESPESSURA DE 20MM, COM EXECUÇÃO DE TALISCAS. AF_06/2014 | C114: M2 | D114: 30.02 | E114: 838.13 | G114: =F114+'BM20'!H114 -> 838.13 | H114: =ROUND(D114*E114,2) -> 25160.66 | I114: =F114*D114 -> 0 | J114: =G114*D114 -> 25160.663 | K114: =J114/H114 -> 1.0000001
...

Sheet Memorial
C1: MEMÓRIA DE CÁLCULO - QUANTIDADES
C2: Obra: | H2: Proprietário:
C3: Reforma e ampliação secretaria de educação | H3: Prefeitura Municipal de Sousa
C4: Local: | H4: Responsável Técnico:
C5: R. Dep. José de Paiva Gadelha, B. Gato Preto, Sousa-PB
A7: Item | B7: Descrição | D7: Vez | E7: Dados | K7: Resultado | M7: Un.
E8: X1 | F8: X2 | G8: Y1 | H8: Y2 | I8: Z1 | J8: Z2 | K8: Parcial | L8: Total
A10: =[5]BM13!A62 -> 5 | B10: COBERTURA
A12: 5.17 | B12: FORRO EM PLACAS DE GESSO, PARA AMBIENTES COMERCIAIS. AF_05/2017_P | M12: m2
K13: Total | L13: =SUM(L16:L29) -> 216.4341
K14: BM anteriores | L14: 190.71
K15: BM21 | L15: =L13-L14 -> 25.7241
B16: MARQUIZE CENTRAL | D16: 1 | E16: 11.7 | G16: 1.6 | K16: =G16*E16 -> 18.72 | L16: =K16*D16 -> 18.72
B17: PASSARELA CADEIRANTE | D17: 1 | E17: 3.74 | G17: 1.2 | K17: =G17*E17 -> 4.488 | L17: =K17*D17 -> 4.488
B18: PASSARELA CADEIRANTE | D18: 1 | E18: 3.74 | G18: 1.2 | K18: =G18*E18 -> 4.488 | L18: =K18*D18 -> 4.488
B19: RECEPÇAO PRINCIPAL | D19: 1 | E19: 18.7 | G19: 3.3 | K19: =G19*E19 -> 61.71 | L19: =K19*D19 -> 61.71
B20: DESPENSA | D20: 1 | E20: 4.37 | G20: 1.5 | K20: =G20*E20 -> 6.555 | L20: =K20*D20 -> 6.555
B21: DESPENSA | D21: 1 | E21: 4.37 | G21: 1.5 | K21: =G21*E21 -> 6.555 | L21: =K21*D21 -> 6.555
B22: ENTRADA LATERAL | D22: 1 | E22: 10.45 | G22: 2.1 | K22: =G22*E22 -> 21.945 | L22: =K22*D22 -> 21.945
B23: ENTRADA LATERAL | D23: 1 | E23: 1.53 | G23: 1.5 | H23: 0.95 | K23: =G23*E23 -> 2.295 | L23: =K23*D23 -> 2.295
B24: RECEP PRINCIPAL ENTRADA LATERAL | D24: 1 | E24: 6.18 | G24: 4.95 | K24: =G24*E24 -> 30.591 | L24: =K24*D24 -> 30.591
B25: RECEP PRINCIPAL ENTRADA LATERAL | D25: 1 | E25: 3 | G25: 0.86 | K25: =G25*E25 -> 2.58 | L25: =K25*D25 -> 2.58
B26: CANTINA | D26: 1 | E26: 1.83 | G26: 2.37 | K26: =G26*E26 -> 4.3371 | L26: =K26*D26 -> 4.3371
B27: WC | D27: 1 | E27: 1.42 | G27: 1.75 | K27: =G27*E27 -> 2.485 | L27: =K27*D27 -> 2.485
B28: WC | D28: 1 | E28: 1.42 | G28: 1.75 | K28: =G28*E28 -> 2.485 | L28: =K28*D28 -> 2.485
B29: SALA REFORMADA | D29: 1 | E29: 5.9 | G29: 8 | K29: =G29*E29 -> 47.2 | L29: =K29*D29 -> 47.2
A31: 6 | B31: PAVIMENTAÇÃO
A33: 6.1.12 | B33: =[6]BM13!B92 -> EXECUÇÃO DE PÁTIO/ESTACIONAMENTO EM PISO INTERTRAVADO, COM BLOCO RETANGULAR COR NATURAL DE 20 X 10 CM, ESPESSURA 8 CM. AF_12/2015
K34: Total | L34: =SUM(L37:L51) -> 718.874 | N34: Aditivo
K35: BM anteriores | L35: 591.91
K36: BM21 | L36: =L34-L35 -> 126.964
B37: Estacionamento lateral onibus | D37: 1 | E37: 4.9 | F37: 24.9 | K37: =F37*E37 -> 122.01 | L37: =K37*D37 -> 122.01
B38: Estacionamento lateral onibus | D38: 1 | E38: 7.6 | F38: 24.33 | K38: =F38*E38 -> 184.908 | L38: =K38*D38 -> 184.908
B39: Garagem onibus Nova | D39: 1 | E39: 26.5 | G39: 1.75 | K39: =E39*G39 -> 46.375 | L39: =K39*D39 -> 46.375
D40: 1 | E40: 3.75 | G40: 5.76 | K40: =E40*G40 -> 21.6 | L40: =K40*D40 -> 21.6
D41: 1 | E41: 3.82 | G41: 5.76 | K41: =E41*G41 -> 22.0032 | L41: =K41*D41 -> 22.0032
D42: 1 | E42: 3.65 | G42: 5.72 | K42: =E42*G42 -> 20.878 | L42: =K42*D42 -> 20.878
D43: 1 | E43: 3.79 | G43: 5.72 | K43: =E43*G43 -> 21.6788 | L43: =K43*D43 -> 21.6788
D44: 1 | E44: 3.65 | G44: 5.78 | K44: =E44*G44 -> 21.097 | L44: =K44*D44 -> 21.097
D45: 1 | E45: 3.8 | G45: 5.78 | K45: =E45*G45 -> 21.964 | L45: =K45*D45 -> 21.964
D46: 1 | E46: 3.7 | G46: 5.8 | K46: =E46*G46 -> 21.46 | L46: =K46*D46 -> 21.46
D47: 1 | E47: 3.7 | G47: 5.8 | K47: =E47*G47 -> 21.46 | L47: =K47*D47 -> 21.46
D48: 1 | E48: 2.6 | G48: 3.6 | K48: =E48*G48 -> 9.36 | L48: =K48*D48 -> 9.36
D49: 1 | E49: 2.6 | G49: 3.8 | K49: =E49*G49 -> 9.88 | L49: =K49*D49 -> 9.88
B51: Estacionamento Frente Secret | D51: 1 | E51: 6 | F51: 7.4 | G51: 26 | K51: =((E51+F51)/2)*G51 -> 174.2 | L51: =K51*D51 -> 174.2
A54: 8.0 | B54: ='BM 21'!B122 -> PINTURA
A56: 8.5 | B56: ='BM 21'!B127 -> APLICAÇÃO E LIXAMENTO DE MASSA LÁTEX EM TETO, UMA DEMÃO. AF_06/2014
L57: =SUM(L58:L69) -> 896.6336
K58: Total | L58: =SUM(L61:L77) -> 369.6433
K59: BM anteriores | L59: 247.39
K60: BM21 | L60: =L58-L59 -> 122.2533
B61: MARQUIZE CENTRAL | D61: 1 | E61: 11.7 | G61: 1.6 | K61: =G61*E61 -> 18.72 | L61: =K61*D61 -> 18.72
B62: PASSARELA CADEIRANTE | D62: 1 | E62: 3.74 | G62: 1.2 | K62: =G62*E62 -> 4.488 | L62: =K62*D62 -> 4.488
B63: PASSARELA CADEIRANTE | D63: 1 | E63: 3.74 | G63: 1.2 | K63: =G63*E63 -> 4.488 | L63: =K63*D63 -> 4.488
B64: RECEPÇAO PRINCIPAL | D64: 1 | E64: 18.7 | G64: 3.3 | K64: =G64*E64 -> 61.71 | L64: =K64*D64 -> 61.71
B65: DESPENSA | D65: 1 | E65: 4.37 | G65: 1.5 | K65: =G65*E65 -> 6.555 | L65: =K65*D65 -> 6.555
B66: DESPENSA | D66: 1 | E66: 4.37 | G66: 1.5 | K66: =G66*E66 -> 6.555 | L66: =K66*D66 -> 6.555
B67: ENTRADA LATERAL | D67: 1 | E67: 10.45 | G67: 2.1 | K67: =G67*E67 -> 21.945 | L67: =K67*D67 -> 21.945
B68: ENTRADA LATERAL | D68: 1 | E68: 1.53 | G68: 1.5 | H68: 0.95 | K68: =G68*E68 -> 2.295 | L68: =K68*D68 -> 2.295
B69: RECEP PRINCIPAL ENTRADA LATERAL | D69: 1 | E69: 6.18 | G69: 4.95 | K69: =G69*E69 -> 30.591 | L69: =K69*D69 -> 30.591
B70: RECEP PRINCIPAL ENTRADA LATERAL | D70: 1 | E70: 3 | G70: 0.86 | K70: =G70*E70 -> 2.58 | L70: =K70*D70 -> 2.58
B71: CANTINA | D71: 1 | E71: 1.83 | G71: 2.37 | K71: =G71*E71 -> 4.3371 | L71: =K71*D71 -> 4.3371
B72: WC | D72: 1 | E72: 1.42 | G72: 1.75 | K72: =G72*E72 -> 2.485 | L72: =K72*D72 -> 2.485
B73: WC | D73: 1 | E73: 1.42 | G73: 1.75 | K73: =G73*E73 -> 2.485 | L73: =K73*D73 -> 2.485
B74: SALA REFORMADA | D74: 1 | E74: 5.9 | G74: 8 | K74: =G74*E74 -> 47.2 | L74: =K74*D74 -> 47.2
B76: AUDITÓRIO | D76: 1 | E76: 7.75 | G76: 13.27 | K76: =G76*E76 -> 102.8425 | L76: =K76*D76 -> 102.8425
D77: 1 | E77: 8.79 | G77: 5.73 | K77: =G77*E77 -> 50.3667 | L77: =K77*D77 -> 50.3667
A79: 8.11 | B79: ='BM 21'!B133 -> PINTURA DE PISO COM TINTA ACRÍLICA, APLICAÇÃO MANUAL, 2 DEMÃOS, INCLUSO FUNDO PREPARADOR. AF_05/2021
L80: =SUM(L81:L85) -> 49.2
D81: 1 | E81: 4 | G81: 1 | K81: =G81*E81 -> 4 | L81: =K81*D81 -> 4
D82: 1 | E82: 4 | G82: 1 | K82: =G82*E82 -> 4 | L82: =K82*D82 -> 4
B83: ESTACIONAMENTO | D83: 1 | E83: 1.2 | G83: 6 | K83: =G83*E83 -> 7.2 | L83: =K83*D83 -> 7.2
B84: RAMPAS | D84: 1 | E84: 1.5 | G84: 5 | K84: =G84*E84 -> 7.5 | L84: =K84*D84 -> 7.5
B85: PISO TATIL DIRECIONAL | D85: 1 | E85: 0.25 | G85: 106 | K85: =G85*E85 -> 26.5 | L85: =K85*D85 -> 26.5
A87: 16 | B87: ='BM 21'!B284 -> SERVIÇOS EXTRAS
A89: 16.1 | B89: ='BM 21'!B285 -> ENTRADA DE ENERGIA ELÉTRICA, AÉREA, TRIFÁSICA, COM CAIXA DE EMBUTIR, CABO DE 35 MM2 E DISJUNTOR DIN 50A (NÃO INCLUSO O POSTE DE CONCRETO). AF_07/2020 | M89: und
B91: Entrada de energia | D91: 1 | K91: 1 | L91: =ROUND(D91*K91,2) -> 1
A93: 16.2 | B93: ='BM 21'!B286 -> CAIXA D´ÁGUA EM POLIETILENO, 1000 LITROS - FORNECIMENTO E INSTALAÇÃO. AF_06/2021 | M93: und
B94: Banheiros | D94: 2 | K94: 1 | L94: =ROUND(D94*K94,2) -> 2
A96: 16.3 | B96: ='BM 21'!B287 -> CAIXA ENTERRADA ELÉTRICA RETANGULAR, EM ALVENARIA COM TIJOLOS CERÂMICOS MACIÇOS, FUNDO COM BRITA, DIMENSÕES INTERNAS: 0,3X0,3X0,3 M. AF_12/2020 | L96: =L97 -> 8 | M96: und
B97: Diversos locais | D97: 8 | K97: 1 | L97: =ROUND(D97*K97,2) -> 8
A99: 16.4 | B99: ='BM 21'!B288 -> LAVATÓRIO LOUÇA BRANCA SUSPENSO, 29,5 X 39CM OU EQUIVALENTE, PADRÃO POPULAR - FORNECIMENTO E INSTALAÇÃO. AF_01/2020 | L99: =L100 -> 2 | M99: und
B100: Banheiros auditório | D100: 2 | K100: 1 | L100: =ROUND(D100*K100,2) -> 2
A102: 16.5 | B102: ='BM 21'!B289 -> TORNEIRA CROMADA DE MESA, 1/2 OU 3/4, PARA LAVATÓRIO, PADRÃO POPULAR - FORNECIMENTO E INSTALAÇÃO. AF_01/2020 | L102: =L103 -> 2 | M102: und
B103: Banheiros auditório | D103: 2 | K103: 1 | L103: =ROUND(D103*K103,2) -> 2
A105: 16.6 | B105: ='BM 21'!B290 -> Tomada de piso para telefone, metal, 4" x 4" RJ11 com placa de latão | L105: =L106 -> 30 | M105: und
B106: Auditório | D106: 30 | K106: 1 | L106: =ROUND(D106*K106,2) -> 30
A108: 16.7 | B108: ='BM 21'!B291 -> Portão em tubo de aço galvanizado d=1", padrão escolas | L108: =L109 -> 2 | M108: und
B109: Auditório | D109: 2 | K109: 1 | L109: =ROUND(D109*K109,2) -> 2
A111: 16.8 | B111: ='BM 21'!B292 -> Reforma dos portões (composição em anexo) | L111: =SUM(L112:L115) -> 45.02 | M111: m2
B112: portão 01 | D112: 1 | F112: 6 | H112: 2.15 | K112: =H112*F112 -> 12.9 | L112: =ROUND(D112*K112,2) -> 12.9
B113: portão 02 | D113: 1 | F113: 6 | H113: 2.15 | K113: =H113*F113 -> 12.9 | L113: =ROUND(D113*K113,2) -> 12.9
B114: portão 03 | D114: 1 | F114: 6 | H114: 2.15 | K114: =H114*F114 -> 12.9 | L114: =ROUND(D114*K114,2) -> 12.9
B115: portão 04 | D115: 1 | F115: 2.94 | H115: 2.15 | K115: =H115*F115 -> 6.321 | L115: =ROUND(D115*K115,2) -> 6.32
A117: 16.9 | B117: ='BM 21'!B293 -> Impermeabilização de superfície com manta asfáltica, uma camada, inclusive aplicação de primer asfáltico, e=4mm. af_09/2023 | L117: =SUM(L119:L123) -> 119.16 | M117: m2
B118: LAJES IMPERMEABILIZADAS
B119: ENTRADA PRINCIPAL | D119: 1 | E119: 26.14 | G119: 2.2 | K119: =G119*E119 -> 57.508 | L119: =ROUND(D119*K119,2) -> 57.51
B120: RECEPÇÃO DO AUDITORIO | D120: 1 | E120: 5.82 | G120: 1.56 | K120: =G120*E120 -> 9.0792 | L120: =ROUND(D120*K120,2) -> 9.08
B121: RECEPÇÃO DO AUDITORIO | D121: 1 | E121: 2.72 | G121: 9.96 | K121: =G121*E121 -> 27.0912 | L121: =ROUND(D121*K121,2) -> 27.09
B122: RECEPÇÃO DO AUDITORIO | D122: 1 | E122: 1.8 | G122: 1.5 | K122: =G122*E122 -> 2.7 | L122: =ROUND(D122*K122,2) -> 2.7
...

Sheet Plan2
A7: BM_01 | B7: 55322.67
A8: BM_02 | B8: 81506.11
A9: BM_03 | B9: 79324.28
A10: BM_04 | B10: 48629.34 | F10: =SUM(B7:B11) -> 327433.08
A11: BM_05 | B11: 62650.68
A12: BM_06 | B12: 49991.87
A13: BM_07 | B13: 76515.85
A14: BM_08 | B14: 30673.28
A15: BM_09 | B15: 49286.3
A16: BM_10 | B16: 60632.64
A17: BM_11 | B17: 18230.76
A18: BM_12 | B18: 75633.24
A19: BM_13 | B19: 80004.13
A20: BM_14 | B20: 33849.13
A21: BM_15 | B21: =[7]BM15!J259 -> 15851.05
A22: BM_16 | B22: 66928.92
A23: BM_17 | B23: 20804.1
A24: BM_18 | B24: 28422.54
A25: BM_19 | B25: 38767.5
A26: BM_20 | B26: =[8]BM20!J284 -> 39633.11
A27: BM_21 | B27: ='BM 21'!I300 -> 84058.007
B28: =SUM(B7:B27) -> 1096715.5
